 Dungeon Crawl Stone Soup version 0.22-a0-409-gb855193d78 (webtiles) character file.

1345178 Kriby the Merry Gnoll (level 27, -1/239 HPs)
             Began as a Gnoll Wanderer on May 9, 2018.
             Was the Champion of Ashenzari.
             Killed by a guardian mummy's death curse (29 damage)
             ... on level 22 of a ziggurat on May 11, 2018.
             The game lasted 07:18:45 (112411 turns).

Kriby the Merry Gnoll (Gnoll Wanderer)            Turns: 112411, Time: 07:18:46

Health: -1/239     AC: 25    Str: 23    XL:     27
Magic:  11/52      EV: 39    Int: 28    God:    Ashenzari [******]
Gold:   7534       SH: 39    Dex: 20    Spells: 3/76 levels left

rFire    + + +     SeeInvis +   Z - +9 sacred scourge (holy)
rCold    + + +     Gourm    .   k - +8 large shield {rC+ rF+} (curse)
rNeg     + + +     Faith    .   r - +3 faerie dragon scales {Regen+ rCorr HP-3 Str-5 Dex+7 Slay+5} (curse)
rPois    +         Spirit   .   b - -2 hat of the Alchemist {rElec rPois rF+ rC+ rN+ MR+ rMut rCorr} (curse)
rElec    +         Reflect  +   M - scarf {rC+ rF+} (curse)
rCorr    +         Harm     .   B - +3 pair of gauntlets of War {Slay+5} (curse)
rMut     +         Clarity  +   j - +2 pair of boots (curse)
MR       +++++                  P - amulet "Had Vunue" {Reflect rF+ Int+4 SH+4} (curse)
Stlth    +++++++++.             I - ring of Disaster {rElec MR++ Str+5 Slay+2} (curse)
HPRegen  1.89/turn              L - ring of the Madman {Ice rN++ Str+3 Int+3 Dex-4} (curse)
MPRegen  0.33/turn

@: agile, death channel, shrouded, aura of abjuration, very slightly
contaminated, regenerating, studying 2 skills, deflect missiles
A: distributed training, antennae 1, fangs 2, yellow scales 1, blink, clumsy 1,
cold resistance 1, dopey 1, electricity resistance, subdued magic 1, strong nose
}: 14/15 runes: decaying, serpentine, slimy, silver, iron, obsidian, icy, bone,
abyssal, demonic, glowing, magical, fiery, dark
a: Blink, Curse Item, Scrying, Renounce Religion


You were on level 22 of a ziggurat.
You worshipped Ashenzari.
Ashenzari was exalted by your worship.
You were not hungry.

You visited 17 branches of the dungeon, and saw 87 of its levels.
You visited Pandemonium 2 times, and saw 15 of its levels.
You visited the Abyss 2 times.
You visited 1 ziggurat, and saw 22 of its levels.
You also visited: Labyrinth, Ice Cave and Volcano.

You collected 16622 gold pieces.
You spent 9088 gold pieces at shops.

Inventory:

Hand Weapons
 c - the +7 Spriggan's Knife {MR+ EV+4 Dex+4 Stlth+}
   (You found it on level 12 of a ziggurat)

   It affects your evasion (+4).
   It affects your dexterity (+4).
   It affects your resistance to hostile enchantments.
   It makes you more stealthy.
 E - the +2 Maxwell's thermic engine {flame, freeze, rF- rC-}
   (You found it on level 17 of a ziggurat)

   It has been specially enchanted to burn those struck by it, causing extra
   injury to most foes and up to half again as much damage against particularly
   susceptible opponents.
   Big, fiery blades are also staple armaments of hydra-hunters.
   It makes you vulnerable to fire.
   It makes you vulnerable to cold.
 U - a +9 demon blade of freezing
 Z - a +9 sacred scourge of holy wrath (weapon)
Missiles
 o - 26 silver javelins (quivered)
Armour
 b - the cursed -2 hat of the Alchemist (worn) {rElec rPois rF+ rC+ rN+ MR+ rMut rCorr}
   (You bought it in a shop on level 2 of the Orcish Mines)

   It protects you from fire.
   It protects you from cold.
   It insulates you from electricity.
   It protects you from poison.
   It protects you from negative energy.
   It affects your resistance to hostile enchantments.
   It protects you from acid and corrosion.
   It protects you from mutation.
   It has a curse placed upon it.
 f - +7 swamp dragon scales
 j - a cursed +2 pair of boots (worn)
 k - a cursed +8 large shield of resistance (worn)
 r - the cursed +3 faerie dragon scales (worn) {Regen+ rCorr HP-3 Str-5 Dex+7 Slay+5}
   (You took it off the Enchantress on level 1 of the Depths)

   It affects your strength (-5).
   It affects your dexterity (+7).
   It affects your accuracy and damage with ranged weapons and melee attacks
   (+5).
   It affects your health (-3).
   It increases your rate of regeneration.
   It protects you from acid and corrosion.
   It has a curse placed upon it.
 w - the cursed +0 mask of the Dragon {MR+ Slay+3 SInv}
   (You acquired it on level 1 of the Abyss)

   It affects your accuracy and damage with ranged weapons and melee attacks
   (+3).
   It affects your resistance to hostile enchantments.
   It lets you see invisible.
   It has a curse placed upon it.
 B - the cursed +3 pair of gauntlets of War (worn) {Slay+5}
   (You acquired it on level 3 of the Elven Halls)

   It affects your accuracy and damage with ranged weapons and melee attacks
   (+5).
   It has a curse placed upon it.
 D - +2 gold dragon scales
 M - a cursed scarf of resistance (worn)
Magical Staves
 v - an uncursed staff of energy
Jewellery
 x - the amulet of Puaneuth {Inacc rN++}
   (You found it on level 21 of a ziggurat)

   [amulet of inaccuracy]

   It reduces the accuracy of all your attacks.
   It greatly protects you from negative energy.
 I - the cursed ring of Disaster (left hand) {rElec MR++ Str+5 Slay+2}
   (You found it on level 5 of the Dungeon)

   [ring of strength]

   It affects your strength (+5).
   It affects your accuracy and damage with ranged weapons and melee attacks
   (+2).
   It insulates you from electricity.
   It affects your resistance to hostile enchantments.
   It has a curse placed upon it.
 L - the cursed ring of the Madman (right hand) {Ice rN++ Str+3 Int+3 Dex-4}
   (You found it on level 5 of the Dungeon)

   [ring of ice]

   It enhances your ice magic.
   It affects your strength (+3).
   It affects your intelligence (+3).
   It affects your dexterity (-4).
   It makes you vulnerable to fire.
   It protects you from cold.
   It greatly protects you from negative energy.
   It has a curse placed upon it.
 P - the cursed amulet "Had Vunue" (around neck) {Reflect rF+ Int+4 SH+4}
   (You found it on level 13 of a ziggurat)

   [amulet of reflection]

   It shields you and reflects attacks.
   It affects your intelligence (+4).
   It protects you from fire.
   It affects your SH (+4).
   It has a curse placed upon it.
 T - an uncursed amulet of regeneration
Wands
 F - a wand of acid (6)
Scrolls
 d - a scroll of brand weapon
 g - 5 scrolls of silence
 i - 7 scrolls of amnesia
 l - 3 scrolls of enchant weapon
 m - 10 scrolls of fear
 n - 21 scrolls of remove curse
 p - 47 scrolls of identify
 C - 14 scrolls of enchant armour
 J - 3 scrolls of blinking
 K - 26 scrolls of teleportation
 O - 3 scrolls of summoning
 Q - 11 scrolls of magic mapping
Potions
 e - 9 potions of cancellation
 h - 2 potions of berserk rage
 q - 11 potions of mutation
 t - 4 potions of agility
 u - 19 potions of curing
 A - a potion of haste
 S - 3 potions of invisibility
 V - 2 potions of flight
Books
 y - a manual of Dodging
 W - a manual of Ice Magic
Miscellaneous
 s - a lamp of fire
 z - 3 phantom mirrors
 H - a phial of floods
 Y - a sack of spiders
Comestibles
 N - 49 rations


   Skills:
 + Level 25.0 Fighting
 O Level 27 Short Blades
 + Level 24.9 Long Blades
 + Level 24.9 Axes
 + Level 24.9 Maces & Flails
 + Level 24.9 Polearms
 O Level 27 Staves
 + Level 24.9 Slings
 O Level 27 Bows
 + Level 24.9 Crossbows
 + Level 24.9 Throwing
 + Level 25.0 Armour
 + Level 25.8(27) Dodging
 + Level 25.1(27) Stealth
 + Level 24.9(26.9) Shields
 O Level 27 Unarmed Combat
 + Level 25.0 Spellcasting
 + Level 21.7(25.1) Conjurations
 + Level 21.9(25.3) Hexes
 + Level 21.7(25.1) Charms
 + Level 21.7(25.1) Summonings
 + Level 21.7(25.1) Necromancy
 + Level 21.7(25.1) Translocations
 + Level 21.7(25.1) Transmutations
 + Level 21.7(25.1) Fire Magic
 + Level 22.6(25.9) Ice Magic
 + Level 21.7(25.1) Air Magic
 + Level 21.7(25.1) Earth Magic
 + Level 21.7(25.1) Poison Magic
 + Level 26.6 Invocations
 + Level 24.9(27) Evocations


You had 3 spell levels left.
You knew the following spells:

 Your Spells              Type           Power        Failure   Level  Hunger
a - Fire Storm            Conj/Fire      #######...   2%          9    #####..
b - Regeneration          Chrm/Necr      #######...   0%          3    None
c - Shroud of Golubria    Chrm/Tloc      #######...   0%          2    None
d - Blink                 Tloc           N/A          0%          2    None
e - Controlled Blink      Tloc           N/A          1%          8    ####...
f - Glaciate              Conj/Ice       ########..   1%          9    #####..
g - Deflect Missiles      Chrm/Air       #######...   0%          6    None
i - Ignition              Fire           #######...   1%          8    ####...
j - Death Channel         Necr           #######...   0%          6    None
k - Sublimation of Blood  Necr           #######...   0%          2    None
l - Aura of Abjuration    Summ           #######...   0%          5    None
m - Shatter               Erth           #######...   2%          9    #####..
n - Animate Dead          Necr           N/A          0%          4    None


Dungeon Overview and Level Annotations

Branches:
Dungeon (15/15)            Temple (1/1) D:7            Lair (6/6) D:9
  Swamp (4/4) Lair:2        Snake (4/4) Lair:2        Slime (5/5) Lair:5
    Orc (2/2) D:11            Elf (3/3) Orc:2        Vaults (5/5) D:13
  Crypt (3/3) Vaults:3       Tomb (0/3) Crypt:3      Depths (5/5) D:15
   Hell (1/1)                 Dis (7/7) Hell            Geh (7/7) Hell
    Coc (7/7) Hell            Tar (7/7) Hell            Zot (5/5) Depths:5

Altars:
Ashenzari
Cheibriados
Dithmenos
Elyvilon
Fedhas
Gozag
Hepliaklqana
Kikubaaqudgha
Makhleb
Nemelex Xobeh
Okawaru
Qazlal
Ru
Sif Muna
Trog
Uskayaw
Vehumet
Wu Jian
Xom
Yredelemnul
Zin
The Shining One
Beogh
Jiyva

Shops:
Orc:2 (*:[   Elf:2 *   Elf:3 ?   Snake:2 *   Vaults:3 (   Vaults:5 :
Depths:3 !

Portals:
Hell: Depths:1 Depths:2 Depths:3 Depths:4 Depths:5
Abyss: Depths:3 Depths:4
Pandemonium: Depths:3

Annotations:
D:5 exclusions: door and 2 more exclusions, Sigmund
Lair:6 quik's ghost, journeyman DDFi
Snake:1 exclusion: downstairs


Innate Abilities, Weirdness & Mutations

Your experience applies equally to all skills.
You have extremely sharp teeth.
Your uncanny sense of smell can sniff out nearby items.
You have a pair of small antennae on your head.
You are partially covered in yellow scales. (AC +2)
You can translocate small distances at will.
You are clumsy. (Dex -2)
Your flesh is cold resistant. (rC+)
You are dopey. (Int -2)
You are resistant to electric shocks. (rElec)
Your spells are a little easier to cast, but a little less powerful.


Message History

You destroy the titan skeleton!
Your Fighting skill increases to level 25!
Your Armour skill increases to level 25!
The great blast of fire engulfs the greater mummy.
The greater mummy is severely damaged.
You feel a bit more experienced.
The great blast of fire engulfs the tengu reaver skeleton.
You destroy the tengu reaver skeleton!
The great blast of fire engulfs the guardian mummy.
You destroy the guardian mummy!
You feel extremely nervous for a moment...
You convulse helplessly as pain tears through your body!
* * * LOW HITPOINT WARNING * * *
The great blast of fire engulfs the titan zombie.
You destroy the titan zombie!
The great blast of fire engulfs the guardian mummy.
You destroy the guardian mummy!
You feel extremely nervous for a moment...
You convulse helplessly as pain tears through your body!
You die...

,,,, , , ,, *
..............▓▓▓▓▓▓▓▓▓▓
...............▓▓▓▓▓▓▓▓▓
...............▓▓▓▓▓▓▓▓▓
..............§.▓▓▓▓▓▓▓▓
.............§§.▓▓▓▓▓▓▓▓
............§§§§▓▓▓▓▓▓▓▓
#...........§.Ms▓▓▓▓▓▓▓▓
...........{.§Ms@▓▓▓▓▓▓▓
#.........vvvvMs▓▓▓▓▓▓▓▓
.........M§§§§v.▓▓▓▓▓▓▓▓
..s......Z§§v§v.▓▓▓▓▓▓▓▓
..M......Zv§vv§.▓▓▓▓▓▓▓▓
M{§.s.§...§§§vv▓▓▓▓▓▓▓▓▓
{{..§s§§..§....▓▓▓▓▓▓▓▓▓
{§..§....8....▓▓▓▓▓▓▓▓▓▓
.§.§..........▓


You could see a greater mummy, a guardian mummy, an ushabti, 2 mummies, a deep
elf death mage zombie, a titan zombie, 2 friendly wolf spiders, 12 friendly fire
vortices and a friendly tarantella.

Vanquished Creatures
  Cerebov (Pan)
  Antaeus (Coc:7)
  Asmodeus (Geh:7)
  the Royal Jelly (Slime:5)
  Ignacio (Pan)
  Gloorx Vloq (Pan)
  Ereshkigal (Tar:7)
  the Serpent of Hell (Coc:7)
  Lom Lobon (Pan)
  Mnoleg (Pan)
  5 pandemonium lords
  Dispater (Dis:7)
  An orb of fire (Zot:4)
  Mennas (Pan)
  4 ancient liches
  5 juggernauts
  11 shard shrikes
  7 greater mummies
  The ghost of loom the Slayer, a master GrFE of Vehumet (Zot:1)
  Margery (Depths:1)
  Geryon (Hell)
  2 caustic shrikes
  6 golden dragons
  Nikola (Vaults:1)
  A profane servitor (Pan)
  the Enchantress (Depths:1)
  10 bone dragons
  Jory (Depths:4)
  33 Brimstone Fiends
  3 iron giants (Dis:7)
  7 doom hounds
  29 Tzitzimimeh
  Jorgrun (Depths:4)
  18 tentacled monstrosities
  12 Hell Sentinels
  19 Ice Fiends
  A hellephant (Abyss:1)
  12 liches
  11 titans
  6 quicksilver dragons
  9 deep elf blademasters
  Asterion (Depths:2)
  7 deep elf master archers
  2 death cobs
  Kirke (Snake:2)
  5 eldritch tentacles
  42 acid blobs
  20 Executioners
  4 tentacled starspawn
  17 ancient champions
  12 storm dragons
  23 shadow dragons
  3 thorn hunters
  A kraken (Abyss:2)
  Agnes (D:15)
  5 sphinxes
  28 nagarajas
  4 tengu reavers
  A draconian monk (Depths:5)
  24 azure jellies
  A fire giant (shapeshifter) (Zig:5)
  6 revenants
  5 deep elf sorcerers
  14 fire giants
  3 corrupters
  18 frost giants
  Aizul (Depths:3)
  2 draconian knights
  2 orc warlords
  13 vault wardens
  A juggernaut zombie (Zig:7)
  9 iron dragons
  An emperor scorpion (Zig:14)
  3 draconian stormcallers
  2 draconian scorchers (Zig:13)
  6 warmongers (Pan)
  Louise (D:15)
  18 cacodemons
  4 draconian shifters
  8 ghost moths
  4 deep elf elementalists
  5 curse skulls
  19 ghouls
  36 balrugs
  An angel (Abyss:3)
  6 spriggan defenders
  10 ironheart preservers
  3 draconian annihilators
  63 reapers
  6 elemental wellsprings
  3 war gargoyles
  The ghost of Execuda the Grappler, a journeyman TrFi of Makhleb (Lair:5)
  9 blood saints
  3 ophanim (Abyss:3)
  21 stone giants
  13 entropy weavers
  The ghost of htuhola the Carver, a journeyman DDFi of Makhleb (D:14)
  A juggernaut skeleton (Zig:22)
  23 very ugly things
  4 black draconians
  26 vampire knights
  8 black suns
  11 deep elf demonologists
  6 green draconians
  A minotaur (Lab)
  8 lorocyprocas (Pan)
  18 deep elf annihilators
  7 yellow draconians
  5 purple draconians
  Azrael (D:14)
  3 spark wasps
  3 white draconians
  29 blizzard demons
  2 ettins (shapeshifter)
  3 red draconians
  6 merfolk javelineers
  15 deep elf death magi
  7 death oozes (Slime:5)
  10 eidola
  13 ettins
  15 fire dragons
  23 green deaths
  A spectral quicksilver dragon (Zig:17)
  5 quicksilver dragon zombies
  6 mummy priests
  23 yaktaur captains
  17 jiangshi
  35 vault guards
  3 monstrous demonspawn (Pan)
  9 deep elf high priests
  2 kraken zombies
  The ghost of Perturabo the Cleaver, a journeyman GrFi of Okawaru (Lair:5)
  5 rakshasas
  7 quicksilver dragon skeletons
  14 great orbs of eyes
  29 ice dragons
  26 naga warriors
  A hell beast (Dis:7)
  A merfolk avatar (Lair:6)
  A spectral tengu (Zig:17)
  The ghost of htuhola the Magician, a journeyman GnVM of Sif Muna (D:11)
  4 ghost crabs
  31 two-headed ogres
  An anaconda (shapeshifter) (Zig:8)
  25 hydras
  Erica (D:11)
  A spectral shadow dragon (Zig:17)
  3 death knights
  13 anacondas
  19 centaur warriors
  7 spriggan air magi
  19 alligators
  A queen ant (shapeshifter) (Depths:4)
  9 deep troll shamans
  5 satyrs (Zig:18)
  36 hell hogs
  3 death scarabs
  7 ogre magi
  8 tengu warriors
  3 orc high priests
  26 vampire magi
  A thrashing horror (Abyss:2)
  22 naga sharpshooters
  Urug (D:15)
  35 dancing weapons
  8 spriggan berserkers
  15 deep troll earth magi
  10 titan zombies
  An iron golem (Hell)
  36 soul eaters
  6 spriggans
  Sonja (D:14)
  18 shock serpents
  2 shock serpents (shapeshifter)
  3 fire crabs
  17 deep elf knights
  3 wretched stars
  81 sun demons
  34 deep trolls
  6 iron trolls
  9 storm dragon zombies
  164 skeletal warriors
  13 sixfirhies
  14 shadow wraiths
  56 hell knights
  9 titan skeletons
  2 cherubim (Abyss:3)
  A salamander mystic (Snake:4)
  5 ghost moth zombies
  11 anaconda zombies
  19 shadow demons
  12 golden dragon zombies
  3 storm dragon skeletons
  A quicksilver dragon simulacrum (Coc:4)
  6 sea snakes
  28 flayed ghosts
  7 infernal demonspawn (Pan)
  A shambling mangrove (Swamp:4)
  7 gelid demonspawn (Pan)
  12 swamp dragons
  18 naga ritualists
  A sea snake (shapeshifter) (Zig:8)
  8 glowing orange brains
  7 shadow dragon zombies
  Pikel (D:8)
  A death drake (Tar:7)
  14 deep elf archers
  7 torturous demonspawn (Pan)
  A kraken simulacrum (Coc:7)
  23 large abominations
  A tengu zombie (Vaults:3)
  9 wolf spider zombies
  4 lindwurms
  4 harpies
  An obsidian statue (Zig:11)
  14 wizards
  24 necromancers
  20 ironbrand convokers
  7 anaconda skeletons
  32 phantasmal warriors
  31 ugly things
  26 orc knights
  7 golden dragon skeletons
  An orb spider (shapeshifter) (Depths:4)
  15 iron dragon zombies
  A tengu skeleton (Zig:22)
  5 orb spiders
  19 mana vipers
  10 frost giant zombies
  A lindwurm (shapeshifter) (Zig:8)
  A mana viper (shapeshifter) (Zig:8)
  A wolf spider (shapeshifter) (D:15)
  87 deep elf magi
  8 fauns (Zig:18)
  8 shadow dragon skeletons
  12 oklob plants
  A sphinx zombie (Zig:22)
  17 wolf spiders
  3 manticores
  3 orc sorcerers
  9 salamanders
  12 fire giant zombies
  9 shining eyes
  3 sphinx skeletons
  4 cyclopes
  15 moths of wrath
  12 vault sentinels
  5 iron dragon skeletons
  11 stone giant zombies
  5 shock serpent zombies
  12 frost giant skeletons
  13 elephants
  7 centaur zombies
  16 stone giant skeletons
  3 ice statues
  17 orange demons
  A titan simulacrum (Coc:7)
  15 naga magi
  49 rust devils
  45 black mambas
  7 storm dragon simulacra
  16 dire elephant zombies
  9 molten gargoyles
  15 guardian serpents
  35 smoke demons
  5 centaur skeletons
  14 fire giant skeletons
  6 eyes of devastation
  8 spiny frogs
  9 dire elephant skeletons
  8 apocalypse crabs (Depths:3)
  A red draconian zombie (Crypt:1)
  A green draconian zombie (Crypt:1)
  6 emperor scorpion zombies
  5 shock serpent skeletons
  A sea snake zombie (Crypt:1)
  A yaktaur (shapeshifter) (Elf:3)
  37 hellions
  44 yaktaurs
  2 spiny frogs (shapeshifter)
  5 rime drakes
  19 demonic crawlers
  6 kobold demonologists
  11 efreet
  3 catoblepas zombies
  59 freezing wraiths
  48 tormentors
  3 anaconda simulacra
  A rime drake (shapeshifter) (Zig:16)
  9 komodo dragons
  3 elf zombies
  54 ice devils
  3 tengu conjurers
  15 hellwings (Pan)
  2 yellow draconian skeletons
  A spark wasp simulacrum (Zig:9)
  3 komodo dragons (shapeshifter)
  4 silent spectres
  A redback zombie (D:13)
  2 human skeletons
  6 polar bears (Lair:6)
  5 ancient zymes
  12 guardian mummies
  4 catoblepas skeletons
  10 trolls
  37 red devils
  A meliai (shapeshifter) (Vaults:2)
  4 spriggan skeletons
  19 hydra zombies
  2 death drake zombies (Crypt:2)
  4 harpy zombies
  2 jumping spiders (shapeshifter)
  2 hornets (shapeshifter) (Vaults:2)
  4 blink frogs (Lair:5)
  6 jumping spiders
  10 tyrant leeches
  Grinder (D:4)
  193 slime creatures
  5 hydra skeletons
  A wind drake (shapeshifter) (Zig:6)
  6 bog bodies
  6 hippogriffs
  A wind drake (Lair:6)
  5 harpy skeletons
  11 ettin zombies
  12 raiju
  13 hornets
  2 jumping spider zombies
  11 ice dragon zombies
  12 alligator zombies
  6 dream sheep
  A frost giant simulacrum (Vaults:3)
  8 fire dragon zombies
  3 air elementals
  A stone giant simulacrum (Zig:9)
  154 flying skulls
  8 ettin skeletons
  14 ice dragon skeletons
  27 ynoxinuls
  5 black mamba zombies
  A spriggan (shapeshifter) (Vaults:5)
  8 alligator skeletons
  5 fire dragon skeletons
  2 tarantellas
  6 black mamba skeletons
  54 wraiths
  28 vampires
  3 wyverns
  23 water elementals
  2 hogs (Snake:2)
  11 redbacks
  A dire elephant simulacrum (Tar:2)
  A tarantella (shapeshifter) (Zig:16)
  6 basilisks
  57 shadows
  17 yaks
  34 fire elementals
  4 fire bats (Volcano)
  A golden eye (shapeshifter) (D:13)
  25 golden eyes
  23 chaos spawn
  16 humans
  2 ushabtiu
  Grum (D:11)
  An emperor scorpion simulacrum (Coc:7)
  8 hungry ghosts
  21 neqoxecs (Pan)
  A spatial vortex (Tar:1)
  25 vampire mosquitoes
  A yaktaur simulacrum (Vaults:3)
  A soldier ant (shapeshifter) (D:13)
  10 wargs
  2 monstrous demonspawn zombies
  60 nagas
  13 swamp worms
  An acid dragon (D:13)
  22 insubstantial wisps
  2 soldier ants
  13 spiny frog zombies
  5 hydra simulacra
  A floating eye (Zig:21)
  3 small abominations
  6 porcupines
  A floating eye (shapeshifter) (Vaults:2)
  10 water moccasins
  103 hell hounds
  19 ice beasts
  10 swamp drakes
  2 black bears
  65 orc warriors
  11 spiny frog skeletons
  16 phantoms
  5 manticore zombies
  9 snapping turtle zombies
  12 starcursed masses
  4 swamp dragon zombies
  29 ogres
  An ettin simulacrum (Tar:7)
  2 sky beasts
  8 wolves
  13 eyes of draining
  35 necrophages
  6 boggarts
  2 elf simulacra
  A manticore skeleton (Tar:2)
  3 snapping turtle skeletons
  A torpor snail zombie (Crypt:2)
  18 centaurs
  2 swamp dragon skeletons
  A rime drake zombie (Crypt:2)
  3 crocodiles
  17 big kobolds
  A yaktaur zombie (Crypt:1)
  4 human zombies
  19 bullfrogs
  A wyvern zombie (D:12)
  2 spiny frog simulacra
  A glowing shapeshifter simulacrum (Depths:1)
  A merfolk simulacrum (Tar:4)
  4 earth elementals
  An elf skeleton (Hell)
  2 wyvern skeletons
  A cyclops zombie (Crypt:3)
  5 scorpions
  11 killer bees
  3 spriggan zombies
  A troll skeleton (Coc:6)
  81 wights
  2 electric eels
  5 howler monkeys
  16 crimson imps
  3 human simulacra
  9 hounds
  26 iron imps
  8 lava snakes (Volcano)
  5 jellies
  26 orc priests
  A bullfrog skeleton (D:6)
  5 iguanas
  A basilisk skeleton (Crypt:3)
  8 worker ants
  37 orc wizards
  14 hell rats (Hell)
  2 naga zombies
  An ogre zombie (Dis:1)
  A demigod skeleton (Crypt:2)
  A naga skeleton (Geh:2)
  A hound zombie (D:10)
  30 mummies
  2 worker ant zombies
  A gnoll (D:2)
  6 adders
  16 shadow imps
  41 white imps
  7 ufetubi
  2 adder zombies
  2 oozes
  2 adder skeletons
  2 worms
  7 ball lightnings (Pan)
  A dart slug (D:2)
  7 leopard geckos
  110 orcs
  A bat skeleton (Crypt:3)
  4 giant cockroaches
  6 hobgoblins
  11 jackals
  A kobold (shapeshifter) (Depths:4)
  5 quokkas
  A river rat zombie (Crypt:3)
  A ball python zombie (Crypt:3)
  6 bats
  7 frilled lizards
  6 goblins
  A hobgoblin skeleton (Crypt:1)
  44 kobolds
  A kobold skeleton (Pan)
  A leopard gecko zombie (Crypt:1)
  15 rats
  A block of ice (Zig:20)
  A bush (D:9)
  6 crawling corpses (Zig:12)
  A fire vortex (Pan)
  2 fungi (Lair:6)
  5 plants (Zig:8)
  5 starspawn tentacles
  3 tentacles (Abyss:2)
5541 creatures vanquished.

Vanquished Creatures (collateral kills)
  A shard shrike (Coc:7)
  A caustic shrike (Depths:5)
  A profane servitor (Zig:17)
  A golden dragon (Zot:3)
  3 Tzitzimimeh
  A Brimstone Fiend (Zig:20)
  A tentacled monstrosity (Zot:4)
  An iron giant (Dis:7)
  3 Hell Sentinels (Dis:7)
  A titan (Pan)
  4 Ice Fiends
  A deep elf master archer (Elf:3)
  2 Executioners (Pan)
  A shadow dragon (Tar:4)
  2 storm dragons
  2 nagarajas (Zig:19)
  A draconian knight (Zig:13)
  4 frost giants
  2 fire giants (Depths:5)
  3 ghost moths
  A balrug (Zig:20)
  A draconian shifter (Zot:4)
  A deep elf sorcerer (Elf:3)
  An emperor scorpion (Zig:15)
  3 draconian annihilators
  An iron dragon (Dis:7)
  A deep elf elementalist (Elf:3)
  3 very ugly things
  A juggernaut skeleton (Zig:22)
  2 reapers
  A spriggan defender (Depths:2)
  A black sun (Zig:17)
  4 stone giants
  3 corrupters
  3 entropy weavers
  4 bennus (Zig:22)
  4 purple draconians
  A deep elf annihilator (Elf:3)
  2 red draconians
  A green draconian (Zot:2)
  2 spark wasps
  A black draconian (Zot:1)
  2 white draconians
  2 yellow draconians
  An ettin (Vaults:5)
  A deep elf death mage (Elf:3)
  A merfolk javelineer (Zig:18)
  A green death (Pan)
  A quicksilver dragon zombie (Coc:7)
  4 blizzard demons
  3 mummy priests
  A great orb of eyes (Pan)
  A yaktaur captain (Vaults:5)
  2 deep elf high priests (Elf:3)
  A vault guard (Vaults:4)
  6 ice dragons
  A spectral tengu (Zig:17)
  The ghost of htuhola the Thaumaturge, a journeyman GnVM of Sif Muna (D:10)
  A centaur warrior (Vaults:4)
  A catoblepas (Abyss:3)
  An alligator (Swamp:1)
  4 dancing weapons
  A tengu warrior (Depths:2)
  3 deep troll earth magi
  4 naga sharpshooters
  A spriggan berserker (Depths:5)
  A storm dragon zombie (Coc:7)
  2 deep elf knights
  2 sun demons (Pan)
  2 soul eaters
  An iron golem (Depths:3)
  2 skeletal warriors
  A salamander mystic (Zig:19)
  A golden dragon zombie (Zig:11)
  A sixfirhy (Pan)
  3 iron trolls (Dis:7)
  3 hell knights
  A deep troll (Depths:4)
  An infernal demonspawn (Pan)
  A naga ritualist (Zig:19)
  A shadow dragon zombie (Dis:1)
  A deep elf archer (Elf:3)
  2 shadow demons (Zig:20)
  A tengu zombie (Zig:11)
  A necromancer (Depths:2)
  A phantasmal warrior (Tar:7)
  5 orb spiders
  An ironbrand convoker (Vaults:5)
  An anaconda skeleton (Pan)
  3 deep elf magi
  A mana viper (Snake:1)
  A sphinx zombie (Zig:7)
  2 wolf spiders
  A cyclops (Zig:18)
  An iron dragon zombie (Dis:1)
  An elephant (shapeshifter) (Zig:5)
  A mana viper (shapeshifter) (Depths:5)
  A fire giant zombie (Dis:7)
  6 moths of wrath
  A stone giant skeleton (Coc:7)
  A dire elephant zombie (Coc:7)
  2 salamanders
  3 elephants (Lair:2)
  A vault sentinel (Vaults:5)
  3 black mambas
  A titan simulacrum (Coc:7)
  2 rust devils
  2 smoke demons
  A naga mage (Zig:10)
  A dire elephant skeleton (Tar:7)
  A hellion (Dis:7)
  An efreet (Dis:7)
  2 ice devils (Coc:7)
  3 red devils
  A tormentor (Tar:7)
  A harpy zombie (Dis:7)
  4 guardian mummies
  A hydra zombie (Coc:7)
  3 hornets
  A silent spectre (Tar:1)
  3 large abominations
  A fire dragon zombie (Coc:7)
  A hydra skeleton (Pan)
  5 raiju (Abyss:3)
  A slime creature (Depths:2)
  A bog body (Swamp:1)
  2 flying skulls (Coc:7)
  An ice dragon zombie (Tar:2)
  A spriggan (Depths:3)
  2 air elementals
  2 redbacks
  4 water elementals
  A wraith (Coc:7)
  2 ushabtiu
  2 fire elementals
  A chaos spawn (Pan)
  3 swamp worms
  2 nagas (Snake:4)
  4 hell hounds (Dis:7)
  A manticore zombie (Dis:7)
  A snapping turtle zombie (Coc:7)
  A wolf (Lair:1)
  A boggart (Depths:3)
  A centaur (Zig:18)
  An earth elemental (Zig:16)
  A wight (Tar:1)
  2 crimson imps (Hell)
  A quasit (Abyss:3)
  An orc priest (D:10)
  3 iron imps (Dis:7)
  3 mummies
  A white imp (Coc:7)
  2 ball lightnings (Pan)
  3 jackals (D:10)
  2 crawling corpses (Elf:3)
  A fungus (Depths:5)
278 creatures vanquished.

Vanquished Creatures (others)
  3 eldritch tentacles
  The ghost of brujo666 the Sharpshooter, an adept DsHu of Okawaru (Elf:1)
  A warmonger (Zig:20)
  A reaper (IceCv)
  An elemental wellspring (Coc:5)
  A stone giant (Zig:18)
  A yellow draconian (Zot:1)
  A purple draconian (Zot:1)
  A green death (Pan)
  A two-headed ogre (D:15)
  2 centaur warriors
  A hell hog (Geh:7)
  A sun demon (Geh:7)
  A hell knight (Depths:1)
  A deep elf archer (Elf:1)
  2 necromancers (Geh:4)
  An elephant (Lair:2)
  A vault sentinel (Vaults:3)
  208 ball lightnings
  A dire elephant skeleton (Geh:7)
  A hornet (Swamp:3)
  2 flying skulls
  A spriggan (Swamp:3)
  A shadow (Tar:7)
  A wraith (Geh:4)
  A yak (Lair:1)
  A fire elemental (Hell)
  A neqoxec (Abyss:3)
  3 nagas
  A swamp worm (Swamp:3)
  A swamp drake (Swamp:3)
  An ice beast (Coc:5)
  An orc warrior (Orc:2)
  A hound (Lair:1)
  An iron imp (Dis:7)
  A worker ant zombie (D:8)
  4 white imps (IceCv)
  An ufetubus (IceCv)
  An orc (D:8)
  2 jackals (D:8)
  8 blocks of ice (Zig:20)
  131 fire vortices
  40 fungi
  44 plants
  4 starspawn tentacles
  10 tentacles
495 creatures vanquished.

Grand Total: 6314 creatures vanquished

Notes
Turn   | Place    | Note
-------+----------+-------------------------------------------
     0 | D:1      | Kriby the Gnoll Wanderer began the quest for the Orb.
     0 | D:1      | Kriby set off with: a +2 shortbow, 27 arrows, a potion of lignification, a potion of curing, a +0 robe, a +0 dagger, a ration
     0 | D:1      | Reached XP level 1. HP: 17/17 MP: 4/4
    91 | D:1      | Reached XP level 2. HP: 23/23 MP: 5/5
   519 | D:1      | Reached XP level 3. HP: 28/28 MP: 7/7
   904 | D:2      | Reached skill level 1 in Invocations
  1024 | D:2      | Reached skill level 1 in Short Blades
  1024 | D:2      | Reached skill level 1 in Long Blades
  1024 | D:2      | Reached skill level 1 in Axes
  1024 | D:2      | Reached skill level 1 in Maces & Flails
  1024 | D:2      | Reached skill level 1 in Polearms
  1024 | D:2      | Reached skill level 1 in Staves
  1024 | D:2      | Reached skill level 1 in Slings
  1024 | D:2      | Reached skill level 1 in Crossbows
  1024 | D:2      | Reached skill level 1 in Throwing
  1024 | D:2      | Reached skill level 1 in Dodging
  1024 | D:2      | Reached skill level 1 in Shields
  1024 | D:2      | Reached skill level 1 in Unarmed Combat
  1024 | D:2      | Reached skill level 1 in Evocations
  1180 | D:2      | Found a shimmering altar of Xom.
  1258 | D:2      | Reached XP level 4. HP: 34/34 MP: 8/8
  1819 | D:3      | Reached skill level 1 in Conjurations
  1819 | D:3      | Reached skill level 1 in Charms
  1819 | D:3      | Reached skill level 1 in Summonings
  1819 | D:3      | Reached skill level 1 in Necromancy
  1819 | D:3      | Reached skill level 1 in Translocations
  1819 | D:3      | Reached skill level 1 in Transmutations
  1819 | D:3      | Reached skill level 1 in Fire Magic
  1819 | D:3      | Reached skill level 1 in Ice Magic
  1819 | D:3      | Reached skill level 1 in Air Magic
  1819 | D:3      | Reached skill level 1 in Earth Magic
  1819 | D:3      | Reached skill level 1 in Poison Magic
  2259 | D:3      | Found a glowing golden altar of the Shining One.
  2372 | D:4      | Reached XP level 5. HP: 40/40 MP: 9/9
  2463 | D:4      | Noticed Grinder
  2486 | D:4      | Killed Grinder
  2486 | D:4      | Reached XP level 6. HP: 31/47 MP: 9/11
  2604 | D:4      | Found a glowing silver altar of Zin.
  2962 | D:4      | Reached XP level 7. HP: 50/52 MP: 10/12
  3286 | D:5      | Entered Level 5 of the Dungeon
  3322 | D:5      | Got a twitching steel ring
  3324 | D:5      | Identified the ring of Disaster {rElec MR++ Str+5 Slay+2} (You found it on level 5 of the Dungeon)
  3402 | D:5      | Reached skill level 5 in Stealth
  3558 | D:5      | Reached XP level 8. HP: 60/60 MP: 12/14
  3560 | D:5      | Got a crude amber ring
  3561 | D:5      | Identified the ring of the Madman {Ice rN++ Str+3 Int+3 Dex-4} (You found it on level 5 of the Dungeon)
  3678 | D:5      | Found a sacrificial altar of Ru.
  3761 | D:5      | Noticed Sigmund
  4396 | D:6      | Found an iron altar of Okawaru.
  4817 | D:6      | Reached XP level 9. HP: 42/66 MP: 8/16
  4977 | D:7      | Reached skill level 5 in Hexes
  4994 | D:7      | Found a staircase to the Ecumenical Temple.
  5144 | D:7      | Reached skill level 5 in Spellcasting
  5154 | D:7      | Reached skill level 5 in Fighting
  5154 | D:7      | Reached skill level 5 in Armour
  5289 | Temple   | Entered the Ecumenical Temple
  5929 | D:8      | Noticed a two-headed ogre
  5946 | D:8      | Killed a two-headed ogre
  5946 | D:8      | Reached skill level 5 in Invocations
  5946 | D:8      | Reached XP level 10. HP: 74/74 MP: 16/18
  6419 | D:8      | Noticed Pikel
  6425 | D:8      | Killed Pikel
  6425 | D:8      | Reached skill level 5 in Short Blades
  6425 | D:8      | Reached skill level 5 in Long Blades
  6425 | D:8      | Reached skill level 5 in Axes
  6425 | D:8      | Reached skill level 5 in Maces & Flails
  6425 | D:8      | Reached skill level 5 in Polearms
  6425 | D:8      | Reached skill level 5 in Staves
  6425 | D:8      | Reached skill level 5 in Slings
  6425 | D:8      | Reached skill level 5 in Crossbows
  6425 | D:8      | Reached skill level 5 in Throwing
  6425 | D:8      | Reached skill level 5 in Dodging
  6425 | D:8      | Reached skill level 5 in Shields
  6425 | D:8      | Reached skill level 5 in Unarmed Combat
  6425 | D:8      | Reached skill level 5 in Evocations
  7083 | D:9      | Found a shattered altar of Ashenzari.
  7172 | D:9      | Found a white marble altar of Elyvilon.
  7172 | D:9      | Found a sparkling altar of Nemelex Xobeh.
  7180 | D:9      | Became a worshipper of Ashenzari the Shackled
  7270 | D:9      | Noticed a two-headed ogre
  7278 | D:9      | Killed a two-headed ogre
  7589 | D:9      | Noticed a two-headed ogre
  7604 | D:9      | Killed a two-headed ogre
  7812 | D:9      | Noticed a two-headed ogre
  7820 | D:9      | Killed a two-headed ogre
  7820 | D:9      | Reached XP level 11. HP: 83/83 MP: 20/20
  7864 | D:9      | Reached skill level 5 in Conjurations
  7864 | D:9      | Reached skill level 5 in Charms
  7864 | D:9      | Reached skill level 5 in Summonings
  7864 | D:9      | Reached skill level 5 in Necromancy
  7864 | D:9      | Reached skill level 5 in Translocations
  7864 | D:9      | Reached skill level 5 in Transmutations
  7864 | D:9      | Reached skill level 5 in Fire Magic
  7864 | D:9      | Reached skill level 5 in Ice Magic
  7864 | D:9      | Reached skill level 5 in Air Magic
  7864 | D:9      | Reached skill level 5 in Earth Magic
  7864 | D:9      | Reached skill level 5 in Poison Magic
  8005 | D:9      | Found a staircase to the Lair.
  8227 | Lair:1   | Entered Level 1 of the Lair of Beasts
  8326 | Lair:1   | Found a dark tunnel.
  8331 | Volcano  | Entered a volcano
  8352 | Volcano  | Learned a level 3 spell: Confuse
  8889 | Volcano  | Noticed a red ugly thing
  8899 | Volcano  | Noticed a sun demon
  8907 | Volcano  | Killed a sun demon
  8912 | Volcano  | Noticed a hell knight
  9117 | Volcano  | Killed a cyan ugly thing
  9532 | Volcano  | Gained mutation: You tend to lose your temper in combat. [potion of mutation]
  9532 | Volcano  | Gained mutation: You occasionally shout uncontrollably at your foes. [potion of mutation]
  9532 | Volcano  | Gained mutation: You are partially covered in rugged brown scales. (AC +1, +3% HP) [potion of mutation]
  9542 | Volcano  | Killed a hell knight
  9569 | Volcano  | Found a burning altar of Makhleb.
  9716 | Lair:1   | Noticed a seven-headed hydra
  9725 | Lair:1   | Killed a seven-headed hydra
 10333 | Lair:1   | Reached * piety under Ashenzari
 10856 | Lair:2   | Reached XP level 12. HP: 88/93 MP: 21/23
 10983 | Lair:2   | Found a staircase to the Snake Pit.
 11252 | Lair:2   | Found a staircase to the Swamp.
 11656 | Lair:3   | Lost mutation: You occasionally shout uncontrollably at your foes. [potion of mutation]
 11656 | Lair:3   | Lost mutation: You tend to lose your temper in combat. [potion of mutation]
 11656 | Lair:3   | Lost mutation: You are partially covered in rugged brown scales. (AC +1, +3% HP) [potion of mutation]
 11656 | Lair:3   | Gained mutation: You occasionally shout uncontrollably at your foes. [potion of mutation]
 11656 | Lair:3   | Gained mutation: You are partially covered in thin metallic scales. (AC +2) [potion of mutation]
 12598 | Lair:4   | Noticed a four-headed hydra
 12606 | Lair:4   | Killed a two-headed hydra
 12639 | Lair:4   | Found a frozen archway.
 12654 | IceCv    | Entered an ice cave
 12903 | IceCv    | Killed a reaper
 12995 | IceCv    | Reached skill level 10 in Bows
 13349 | IceCv    | Reached XP level 13. HP: 98/98 MP: 25/25
 13484 | IceCv    | Got the uncursed leather armour "Zezea" {rN+ Str-3 Int+4 Dex+4}
 13581 | IceCv    | Reached ** piety under Ashenzari
 14294 | Lair:4   | Learned a level 3 spell: Regeneration
 14791 | Lair:5   | Noticed Perturabo's ghost (journeyman GrFi)
 14812 | Lair:5   | Killed Perturabo's ghost
 15185 | Lair:5   | Learned a level 2 spell: Shroud of Golubria
 15305 | Lair:5   | Found a staircase to the Slime Pits.
 15393 | Lair:5   | Noticed Execuda's ghost (journeyman TrFi)
 15422 | Lair:5   | Killed Execuda's ghost
 15827 | Lair:6   | Entered Level 6 of the Lair of Beasts
 15827 | Lair:6   | Reached *** piety under Ashenzari
 15827 | Lair:6   | Noticed quik's ghost (journeyman DDFi)
 15931 | Lair:6   | Paralysed by a hornet for 3 turns
 16266 | Lair:6   | Learned a level 2 spell: Blink
 16679 | Lair:6   | Reached XP level 14. HP: 104/108 MP: 27/27
 17133 | Lair:6   | Learned a level 4 spell: Passage of Golubria
 17138 | Lair:6   | Learned a level 4 spell: Summon Lightning Spire
 17659 | D:10     | Entered Level 10 of the Dungeon
 17878 | D:10     | Noticed htuhola's ghost (journeyman GnVM)
 17887 | D:10     | Killed htuhola's ghost
 17910 | D:10     | Reached **** piety under Ashenzari
 18629 | D:11     | Found the +11 plutonium sword {*Contam Stlth-}
 18629 | D:11     | Noticed htuhola's ghost (journeyman GnVM)
 18756 | D:11     | Noticed Erica
 18765 | D:11     | Killed Erica
 19107 | D:11     | Found a staircase to the Orcish Mines.
 19168 | D:11     | Killed htuhola's ghost
 19168 | D:11     | Reached skill level 10 in Stealth
 19291 | D:11     | Noticed Grum
 19305 | D:11     | Killed Grum
 19748 | D:12     | Identified the +4 whip of Punishment {protect, rF+ Int+3}
 19991 | D:12     | Reached skill level 10 in Invocations
 20256 | D:12     | Identified the cursed +1 dagger "Uruaffoz" {pierce, rElec rF+ MR- Dex+2} (You took it off an orc wizard on level 12 of the Dungeon)
 20595 | D:12     | Reached ***** piety under Ashenzari
 20904 | D:13     | Found a labyrinth entrance.
 20909 | Lab      | Entered a labyrinth
 21264 | Lab      | Found the +3 crown of Dyrovepreva {rElec Int+2 SInv}
 21267 | Lab      | Identified Ziasin's Grimoire of Flamy Arcane Weapons
 21268 | Lab      | Identified the +5 shortbow of Disgust {speed, Str+3}
 21269 | Lab      | Identified a scroll of acquirement
 21269 | Lab      | Identified the cursed +2 buckler of the Enchanted Forest {*Slow +Blink rCorr Str+5} (You acquired it in a labyrinth)
 21876 | D:13     | Reached XP level 15. HP: 90/115 MP: 28/28
 21907 | D:13     | Reached skill level 10 in Spellcasting
 21977 | D:13     | Reached skill level 10 in Fighting
 21977 | D:13     | Reached skill level 10 in Armour
 22095 | D:13     | Identified the +5 arbalest of Ru's Esteem {velocity, +Fly MR+++ Int-2 Dex+4} (You took it off a human on level 13 of the Dungeon)
 22684 | D:13     | Found a gate to the Vaults.
 23191 | D:14     | Learned a level 6 spell: Deflect Missiles
 23197 | D:14     | Learned a level 5 spell: Bolt of Magma
 23615 | D:14     | Noticed htuhola's ghost (journeyman DDFi)
 23631 | D:14     | Killed htuhola's ghost
 23978 | D:14     | Noticed Sonja
 23983 | D:14     | Killed Sonja
 24184 | D:14     | Reached skill level 10 in Short Blades
 24184 | D:14     | Reached skill level 10 in Long Blades
 24184 | D:14     | Reached skill level 10 in Axes
 24184 | D:14     | Reached skill level 10 in Maces & Flails
 24184 | D:14     | Reached skill level 10 in Polearms
 24184 | D:14     | Reached skill level 10 in Staves
 24184 | D:14     | Reached skill level 10 in Slings
 24184 | D:14     | Reached skill level 10 in Crossbows
 24184 | D:14     | Reached skill level 10 in Throwing
 24184 | D:14     | Reached skill level 10 in Dodging
 24184 | D:14     | Reached skill level 10 in Shields
 24184 | D:14     | Reached skill level 10 in Unarmed Combat
 24184 | D:14     | Reached skill level 10 in Evocations
 24204 | D:14     | Noticed Azrael
 24214 | D:14     | Killed Azrael
 24524 | D:15     | Entered Level 15 of the Dungeon
 24668 | D:15     | Noticed Louise
 24679 | D:15     | Killed Louise
 24689 | D:15     | Upgraded the game from 0.22-a0-407-gb098539405 to 0.22-a0-408-g0c774a7e83
 24829 | D:15     | Noticed Agnes
 24939 | D:15     | Found a blossoming altar of Fedhas.
 25196 | D:15     | Killed Agnes
 25196 | D:15     | Reached XP level 16. HP: 70/124 MP: 30/30
 25443 | D:15     | Noticed Urug
 25454 | D:15     | Killed Urug
 25544 | D:15     | Found a staircase to the Depths.
 25725 | Orc:1    | Entered Level 1 of the Orcish Mines
 25725 | Orc:1    | Found a roughly hewn altar of Beogh.
 26065 | Orc:2    | Entered Level 2 of the Orcish Mines
 26144 | Orc:2    | Reached ****** piety under Ashenzari
 26691 | Orc:2    | Found a roughly hewn altar of Beogh.
 26786 | Orc:2    | Found Amiez's Book Shoppe.
 26792 | Orc:2    | Found Mulemoro's Antique Weapon Shoppe.
 26853 | Orc:2    | Found Rinub's Antique Armour Shoppe.
 26954 | Orc:2    | Found a staircase to the Elven Halls.
 27182 | Orc:2    | Found Vubi's General Store.
 27188 | Orc:2    | Bought a scroll of summoning for 133 gold pieces
 27420 | Orc:2    | Bought a faintly glowing plate armour for 672 gold pieces
 27432 | Orc:2    | Identified the +1 plate armour of Hadjma {Dex+3 Stlth+} (You bought it in a shop on level 2 of the Orcish Mines)
 27442 | Orc:2    | Bought an ichor-stained buckler for 228 gold pieces
 27442 | Orc:2    | Identified the cursed -2 buckler of Ynwuohui {MR++ Regen+ Str+4 Dex+2} (You bought it in a shop on level 2 of the Orcish Mines)
 27442 | Orc:2    | Bought the -2 hat of the Alchemist {rElec rPois rF+ rC+ rN+ MR+ rMut rCorr} for 1132 gold pieces
 27442 | Orc:2    | Found the -2 hat of the Alchemist {rElec rPois rF+ rC+ rN+ MR+ rMut rCorr}
 27561 | Orc:2    | Paralysed by miscasting Deflect Missiles for 2 turns
 27571 | Orc:2    | Lost mutation: You occasionally shout uncontrollably at your foes. [potion of mutation]
 27571 | Orc:2    | Lost mutation: You are partially covered in thin metallic scales. (AC +2) [potion of mutation]
 27571 | Orc:2    | Gained mutation: You are dopey. (Int -2) [potion of mutation]
 27571 | Orc:2    | Gained mutation: You possess an exceptional clarity of mind. [potion of mutation]
 27572 | Orc:2    | Lost mutation: You are dopey. (Int -2) [potion of mutation]
 27572 | Orc:2    | Lost mutation: You possess an exceptional clarity of mind. [potion of mutation]
 27572 | Orc:2    | Gained mutation: You are frail. (-10% HP) [potion of mutation]
 27572 | Orc:2    | Gained mutation: You can translocate small distances at will. [potion of mutation]
 27573 | Orc:2    | Lost mutation: You can translocate small distances at will. [potion of mutation]
 27573 | Orc:2    | Lost mutation: You are frail. (-10% HP) [potion of mutation]
 27573 | Orc:2    | Gained mutation: You have sharp toenails. [potion of mutation]
 27573 | Orc:2    | Gained mutation: You are agile. (Dex +2) [potion of mutation]
 27595 | Orc:2    | Bought a scroll of remove curse for 42 gold pieces
 27595 | Orc:2    | Bought a scroll of enchant weapon for 105 gold pieces
 27787 | Snake:1  | Entered Level 1 of the Snake Pit
 28755 | Snake:1  | Learned a level 3 spell: Static Discharge
 29322 | Snake:2  | Reached skill level 10 in Hexes
 29545 | Snake:2  | Found Logeic's General Store.
 29556 | Snake:2  | Bought a scroll of enchant weapon for 127 gold pieces
 29585 | Snake:2  | Noticed a nagaraja
 29588 | Snake:2  | Noticed Kirke
 29609 | Snake:2  | Killed a nagaraja
 29611 | Snake:2  | Killed Kirke
 29909 | Snake:2  | Found a sacrificial altar of Ru.
 29955 | Snake:2  | Noticed a nagaraja
 29965 | Snake:2  | Killed a nagaraja
 30557 | Snake:3  | Reached XP level 17. HP: 57/131 MP: 20/32
 30762 | Swamp:1  | Entered Level 1 of the Swamp
 34222 | Swamp:3  | Found a radiant altar of Vehumet.
 34754 | Swamp:4  | Entered Level 4 of the Swamp
 35063 | Swamp:4  | Reached skill level 10 in Conjurations
 35063 | Swamp:4  | Reached skill level 10 in Charms
 35063 | Swamp:4  | Reached skill level 10 in Summonings
 35063 | Swamp:4  | Reached skill level 10 in Necromancy
 35063 | Swamp:4  | Reached skill level 10 in Translocations
 35063 | Swamp:4  | Reached skill level 10 in Transmutations
 35063 | Swamp:4  | Reached skill level 10 in Fire Magic
 35063 | Swamp:4  | Reached skill level 10 in Ice Magic
 35063 | Swamp:4  | Reached skill level 10 in Air Magic
 35063 | Swamp:4  | Reached skill level 10 in Earth Magic
 35063 | Swamp:4  | Reached skill level 10 in Poison Magic
 35091 | Swamp:4  | Reached XP level 18. HP: 120/140 MP: 34/34
 35370 | Swamp:4  | Paralysed by a hornet for 2 turns
 35746 | Swamp:4  | Got a decaying rune of Zot
 36353 | Snake:2  | Learned a level 6 spell: Conjure Ball Lightning
 37010 | Snake:4  | Entered Level 4 of the Snake Pit
 38186 | Snake:4  | Reached XP level 19. HP: 108/147 MP: 35/35
 40131 | Snake:4  | Got a serpentine rune of Zot
 40559 | Vaults:1 | Entered Level 1 of the Vaults
 41347 | Vaults:1 | Noticed Nikola
 41352 | Vaults:1 | Identified the +9 quarterstaff "Ihir" {flame, Str+3}
 41373 | Vaults:1 | Killed Nikola
 42192 | Vaults:2 | Identified the +4 plate armour of Dramatic Exits {+Inv +Fly rC++ Str-3} (You found it on level 2 of the Vaults)
 42518 | Vaults:2 | Reached XP level 20. HP: 156/156 MP: 31/37
 43854 | Vaults:2 | Identified the cursed +0 shield of Ashenzari's Delight {Regen+ Str+6 Int-4} (You acquired it on level 2 of the Vaults)
 44172 | Vaults:3 | Found Pevud's Antique Weapon Boutique.
 44894 | Vaults:3 | Found a staircase to the Crypt.
 45043 | Vaults:3 | Reached XP level 21. HP: 115/164 MP: 38/38
 46669 | Vaults:4 | Reached skill level 15 in Bows
 46925 | Vaults:4 | Reached skill level 15 in Invocations
 47335 | Vaults:4 | Learned a level 2 spell: Sublimation of Blood
 48133 | Depths:1 | Entered Level 1 of the Depths
 48247 | Depths:1 | Found a gateway to Hell.
 48247 | Depths:1 | Noticed Margery
 48252 | Depths:1 | Reached XP level 22. HP: 106/172 MP: 10/40
 48258 | Depths:1 | Killed Margery
 48862 | Depths:1 | Found a deep blue altar of Sif Muna.
 49005 | Depths:1 | Learned a level 5 spell: Aura of Abjuration
 49006 | Depths:1 | Got the cursed chain mail of the Alphagorgon {Str+4 Dex+4}
 49007 | Depths:1 | Identified the cursed +8 chain mail of the Alphagorgon {Str+4 Dex+4} (You acquired it on level 1 of the Depths)
 49132 | Depths:1 | Learned a level 6 spell: Shadow Creatures
 49477 | Depths:2 | Noticed the Enchantress
 49780 | Depths:1 | Found a gateway to Hell.
 49862 | Depths:1 | Found a deep blue altar of Sif Muna.
 49908 | Depths:1 | Killed the Enchantress
 49908 | Depths:1 | Identified the +3 faerie dragon scales {Regen+ rCorr HP-3 Str-5 Dex+7 Slay+5} (You took it off the Enchantress on level 1 of the Depths)
 49942 | Depths:1 | Identified the +1 leather armour "Zezea" {rN+ Str-3 Int+4 Dex+4} (You found it in an ice cave)
 49942 | Depths:1 | Identified the +3 leather armour of Mehy {rC- rN+ Dex+3}
 50502 | Elf:1    | Entered Level 1 of the Elven Halls
 50573 | Elf:1    | Noticed brujo666's ghost (adept DsHu)
 50624 | Elf:1    | Killed brujo666's ghost
 50772 | Elf:1    | Identified Nexa's Disquisition on Confrontation
 50895 | Elf:1    | Learned a level 8 spell: Ignition
 51425 | Elf:1    | Found Sian's Food Shoppe.
 51596 | Elf:2    | Found a runed gate.
 51640 | Elf:2    | Reached skill level 15 in Stealth
 51727 | Elf:2    | Found a runed gate.
 51734 | Elf:2    | Found a runed gate.
 52008 | Elf:2    | Identified the +5 dagger of Taxation {pierce, rN+}
 52009 | Elf:2    | Found Miytec's General Store.
 52036 | Elf:2    | Bought a potion of invisibility for 104 gold pieces
 52036 | Elf:2    | Bought a potion of heal wounds for 65 gold pieces
 52036 | Elf:2    | Bought a potion of magic for 104 gold pieces
 52106 | Elf:3    | Entered Level 3 of the Elven Halls
 52273 | Elf:3    | Found Qeykoly's Food Shop.
 52292 | Elf:3    | Found Lics's Magic Scroll Shop.
 52294 | Elf:3    | Identified the +10 hunting sling "Loruirao" {flame, Int+4}
 52956 | Elf:3    | Identified the +12 spear "Buss" {pierce, rN+ Int+7} (You took it off a deep elf annihilator on level 3 of the Elven Halls)
 53037 | Elf:3    | Reached XP level 23. HP: 119/180 MP: 22/41
 53544 | Elf:3    | Reached skill level 15 in Spellcasting
 53891 | Elf:3    | Reached skill level 15 in Fighting
 53891 | Elf:3    | Reached skill level 15 in Armour
 53903 | Elf:3    | Identified the +0 leather armour "Netajaab" {MR+}
 53904 | Elf:3    | Identified the +0 hand axe of Destruction {drain, rElec rC+ Dex-2}
 53910 | Elf:3    | Identified the Reference Book on Boosting Calling
 54006 | Elf:3    | Identified the Volume of the Shifting Blaze
 54183 | Elf:3    | Found the cursed +3 pair of gauntlets of War {Slay+5}
 54558 | Depths:2 | Noticed Asterion
 54575 | Depths:2 | Killed Asterion
 55099 | Depths:2 | Identified the cursed +0 quarterstaff "Vododgh" {venom, Int+4} (You took it off a centaur warrior on level 2 of the Depths)
 55574 | Depths:2 | Reached skill level 15 in Short Blades
 55574 | Depths:2 | Reached skill level 15 in Long Blades
 55574 | Depths:2 | Reached skill level 15 in Axes
 55574 | Depths:2 | Reached skill level 15 in Maces & Flails
 55574 | Depths:2 | Reached skill level 15 in Polearms
 55574 | Depths:2 | Reached skill level 15 in Staves
 55574 | Depths:2 | Reached skill level 15 in Slings
 55574 | Depths:2 | Reached skill level 15 in Crossbows
 55574 | Depths:2 | Reached skill level 15 in Throwing
 55574 | Depths:2 | Reached skill level 15 in Dodging
 55574 | Depths:2 | Reached skill level 15 in Shields
 55574 | Depths:2 | Reached skill level 15 in Unarmed Combat
 55574 | Depths:2 | Reached skill level 15 in Evocations
 55808 | Depths:2 | Identified the ring of Goad Qom {+Blink MR+ AC+3 Dex+4} (You took it off a deep elf demonologist on level 2 of the Depths)
 55853 | Depths:2 | Identified the +1 ring mail of Peek-a-Boo {rCorr Int+7}
 55990 | Depths:3 | Noticed Aizul
 56002 | Depths:3 | Killed Aizul
 56280 | Depths:3 | Found a gateway to a ziggurat.
 56383 | Depths:3 | Paralysed by you for 5 turns
 56759 | Depths:3 | Found a one-way gate to the infinite horrors of the Abyss.
 56947 | Depths:3 | Found Okammun's Distillery.
 56950 | Depths:3 | Bought a potion of cancellation for 152 gold pieces
 56950 | Depths:3 | Bought a potion of cancellation for 152 gold pieces
 56950 | Depths:3 | Bought a potion of haste for 190 gold pieces
 56950 | Depths:3 | Bought a potion of brilliance for 76 gold pieces
 56950 | Depths:3 | Bought 2 potions of brilliance for 152 gold pieces
 56950 | Depths:3 | Bought a potion of brilliance for 76 gold pieces
 56950 | Depths:3 | Bought 2 potions of invisibility for 304 gold pieces
 56950 | Depths:3 | Bought a potion of invisibility for 152 gold pieces
 57109 | Depths:3 | Found a one-way gate leading to the halls of Pandemonium.
 57306 | Depths:4 | Noticed Jory
 57314 | Depths:4 | Reached XP level 24. HP: 189/189 MP: 42/42
 57332 | Depths:4 | Killed Jory
 57440 | Depths:4 | Noticed Jorgrun
 57449 | Depths:4 | Killed Jorgrun
 57927 | Depths:4 | Noticed a juggernaut
 57929 | Depths:4 | Noticed a caustic shrike
 57933 | Depths:4 | Identified the +3 halberd "Lul Seh" {chop, MP+9} (You took it off a deep elf demonologist on level 4 of the Depths)
 57937 | Depths:4 | Killed a juggernaut
 57940 | Depths:4 | Killed a caustic shrike
 58119 | Depths:4 | Found a runed door.
 58195 | Depths:4 | Identified the cursed +0 pair of gloves of the Guilds {*Slow rN++ MR+ Str+2}
 58195 | Depths:4 | Identified the cursed +1 scale mail of Levity {*Slow rN+ rCorr Str+2}
 58578 | Depths:5 | Entered Level 5 of the Depths
 59004 | Depths:5 | Found a basalt altar of Yredelemnul.
 59004 | Depths:5 | Found a white marble altar of Elyvilon.
 59005 | Depths:5 | Found a shadowy altar of Dithmenos.
 59138 | Depths:5 | Found a gate to the Realm of Zot.
 59333 | Depths:5 | Noticed a caustic shrike
 59350 | Depths:5 | Killed a caustic shrike
 59528 | Depths:5 | Noticed a caustic shrike
 59538 | Depths:5 | Killed a caustic shrike
 59541 | Depths:5 | Reached XP level 25. HP: 154/197 MP: 27/43
 60155 | Depths:5 | Noticed a juggernaut
 60163 | Depths:5 | Killed a juggernaut
 60414 | Depths:5 | Noticed a juggernaut
 60428 | Depths:5 | Killed a juggernaut
 60584 | Depths:5 | Noticed a juggernaut
 60647 | Depths:5 | Killed a juggernaut
 61107 | Vaults:5 | Entered Level 5 of the Vaults
 61545 | Vaults:5 | Reached XP level 26. HP: 180/206 MP: 1/43
 61718 | Vaults:5 | Noticed an ancient lich
 61887 | Vaults:5 | Identified the +6 halberd "Tusuomy" {drain, MR+ Str+5 Dex+4}
 61887 | Vaults:5 | Identified the ring "Limidon" {rPois Dex+3 SInv}
 61887 | Vaults:5 | Identified the +5 triple sword of Makhleb's Regard {flame, rN++ MP-9 Str+4 Int+2}
 62101 | Vaults:5 | Killed an ancient lich
 62136 | Vaults:5 | Identified the ring of Rawk {*Drain rN+ Int+4 Stlth+} (You took it off a yaktaur on level 5 of the Vaults)
 62151 | Vaults:5 | Identified the cursed +1 flail "Welu" {venom, rC+} (You took it off an orc warrior on level 5 of the Vaults)
 62325 | Vaults:5 | Identified the +1 great sword of Tituem {holy, rPois}
 62365 | Vaults:5 | Identified the cursed +1 short sword of Sulphur {vamp, Int+2}
 62373 | Vaults:5 | Got a silver rune of Zot
 62952 | Vaults:5 | Identified Kuzoebbi's Easy Thaumaturgy
 62967 | Vaults:5 | Identified Qyoploli's Volume of Earth
 63051 | Vaults:5 | Found Kigoh's Book Boutique.
 63052 | Vaults:5 | Identified the cursed +2 whip of Jorof {drain, rElec rF+ MR+ Int-2}
 63220 | Vaults:5 | Noticed an ancient lich
 63221 | Vaults:5 | Identified the cursed +0 trident of Shrieking Terror {antimagic, *Contam MR++ Dex+4}
 63225 | Vaults:5 | Killed an ancient lich
 63255 | Vaults:5 | Identified the +1 battleaxe of Agony {venom, rF+ Dex+4 Stlth-} (You took it off a tengu reaver on level 5 of the Vaults)
 63262 | Vaults:5 | Identified the +5 great mace "Litseuno" {antimagic, +Fly Int+4} (You took it off a deep elf demonologist on level 5 of the Vaults)
 63504 | Vaults:5 | Bought a manual of Unarmed Combat for 1987 gold pieces
 63504 | Vaults:5 | Bought a book of Unlife for 1170 gold pieces
 63513 | Vaults:5 | Learned a level 6 spell: Death Channel
 63518 | Vaults:5 | Learned a level 4 spell: Animate Dead
 63902 | Zot:1    | Entered Level 1 of the Realm of Zot
 64579 | Zot:1    | Noticed a shard shrike
 64584 | Zot:1    | Killed a shard shrike
 64608 | Zot:1    | Noticed loom's ghost (master GrFE)
 64649 | Zot:1    | Killed loom's ghost
 64649 | Zot:1    | Reached skill level 15 in Hexes
 64692 | Zot:1    | Noticed a shard shrike
 64939 | Zot:1    | Killed a shard shrike
 65091 | Zot:2    | Reached XP level 27. HP: 199/214 MP: 39/44
 66531 | Zot:3    | Found an iron altar of Okawaru.
 66851 | Zot:4    | Noticed an orb of fire
 66865 | Zot:4    | Killed an orb of fire
 67953 | Zot:5    | Entered Level 5 of the Realm of Zot
 68512 | Slime:1  | Entered Level 1 of the Pits of Slime
 68536 | Slime:1  | Reached skill level 15 in Conjurations
 68536 | Slime:1  | Reached skill level 15 in Charms
 68536 | Slime:1  | Reached skill level 15 in Summonings
 68536 | Slime:1  | Reached skill level 15 in Necromancy
 68536 | Slime:1  | Reached skill level 15 in Translocations
 68536 | Slime:1  | Reached skill level 15 in Transmutations
 68536 | Slime:1  | Reached skill level 15 in Fire Magic
 68536 | Slime:1  | Reached skill level 15 in Ice Magic
 68536 | Slime:1  | Reached skill level 15 in Air Magic
 68536 | Slime:1  | Reached skill level 15 in Earth Magic
 68536 | Slime:1  | Reached skill level 15 in Poison Magic
 69730 | Slime:3  | Lost mutation: You are agile. (Dex +2) [a shining eye]
 70502 | Slime:5  | Entered Level 5 of the Pits of Slime
 70669 | Slime:5  | Noticed the Royal Jelly
 71918 | Slime:5  | Identified the ring "Aduibb" {*Tele rC+ MP+9 Str+4 Stlth-}
 71920 | Slime:5  | Found a viscous altar of Jiyva.
 71922 | Slime:5  | Found the +0 pair of fencer's gloves {+Riposte Dex+3}
 71922 | Slime:5  | Identified the ring "Kenkuz" {rF+ rC+ Int-4 Dex+4 Stlth+}
 71923 | Slime:5  | Identified the +9 lajatang "Kriby's Foe" {slice, +Fly rElec rPois rN+ Int-2}
 71925 | Slime:5  | Identified the +6 hand axe "Peffidosit" {chop, rPois}
 71991 | Slime:5  | Killed the Royal Jelly
 72187 | Slime:5  | Identified the Handbook of Lethal Ice
 72254 | Slime:5  | Got a slimy rune of Zot
 72698 | Depths:3 | Voluntarily entered the Abyss.
 72699 | Abyss:1  | Found a corrupted altar of Lugonu.
 72803 | Abyss:1  | Found a corrupted altar of Lugonu.
 72829 | Abyss:1  | Found the cursed +0 mask of the Dragon {MR+ Slay+3 SInv}
 73150 | Abyss:3  | Found a roughly hewn altar of Beogh.
 73546 | Abyss:3  | Found a glowing golden altar of the Shining One.
 73594 | Abyss:3  | Noticed a juggernaut
 73605 | Abyss:3  | Killed a juggernaut
 73609 | Abyss:3  | Got an abyssal rune of Zot
 73641 | Depths:3 | Escaped the Abyss
 73726 | Hell     | Entered the Vestibule of Hell
 73726 | Hell     | Noticed Geryon
 73740 | Hell     | Killed Geryon
 74410 | Hell     | Found a gateway to the decaying netherworld of Tartarus.
 74551 | Hell     | Found a gateway to the Iron City of Dis.
 74646 | Hell     | Found a gateway to the ashen valley of Gehenna.
 74781 | Hell     | Found a gateway to the freezing wastes of Cocytus.
 74996 | Coc:1    | Entered Level 1 of Cocytus
 76123 | Coc:1    | Noticed an ancient lich
 76145 | Coc:1    | Killed an ancient lich
 77617 | Coc:7    | Entered Level 7 of Cocytus
 78466 | Coc:7    | Noticed the Serpent of Hell
 78506 | Coc:7    | Killed the Serpent of Hell
 79140 | Coc:7    | Learned a level 9 spell: Fire Storm
 79263 | Coc:7    | Noticed Antaeus
 79287 | Coc:7    | Killed Antaeus
 79287 | Coc:7    | Identified the ring "Xiucsaavu" {Str+5 Int+3} (You took it off Antaeus on level 7 of Cocytus)
 79287 | Coc:7    | Identified the +4 dire flail "Ilehaelol" {venom, rF+} (You took it off Antaeus on level 7 of Cocytus)
 79299 | Coc:7    | Got an icy rune of Zot
 79336 | Coc:7    | Identified the +4 dagger of Salt {venom, rElec Str+5 SInv}
 79338 | Coc:7    | Identified the Guide on Supportive Flames
 79951 | Crypt:1  | Entered Level 1 of the Crypt
 80304 | Crypt:1  | Found the +6 Majin-Bo {vamp, Archmagi MP+6 Int+6}
 81700 | Crypt:3  | Entered Level 3 of the Crypt
 81831 | Crypt:3  | Found a basalt altar of Yredelemnul.
 82042 | Crypt:3  | Found a staircase to the Tomb.
 82879 | Crypt:3  | Identified the +2 leather armour of the Griffon {rElec rPois SInv}
 83428 | Dis:1    | Entered Level 1 of the Iron City of Dis
 85040 | Dis:3    | You fall through a shaft!
 85276 | Dis:7    | Entered Level 7 of the Iron City of Dis
 85388 | Dis:7    | Gained mutation: You do not regenerate when monsters are visible. [a cacodemon]
 85406 | Dis:7    | Lost mutation: You have sharp toenails. [potion of mutation]
 85406 | Dis:7    | Gained mutation: You have a pair of small horns on your head. [potion of mutation]
 85406 | Dis:7    | Gained mutation: Armour fits poorly on your strangely shaped body. [potion of mutation]
 85406 | Dis:7    | Gained mutation: You have supernaturally acute eyesight. (SInv) [potion of mutation]
 85407 | Dis:7    | Lost mutation: Armour fits poorly on your strangely shaped body. [potion of mutation]
 85407 | Dis:7    | Lost mutation: You have a pair of small horns on your head. [potion of mutation]
 85407 | Dis:7    | Lost mutation: You have supernaturally acute eyesight. (SInv) [potion of mutation]
 85407 | Dis:7    | Gained mutation: You are dopey. (Int -2) [potion of mutation]
 85407 | Dis:7    | Gained mutation: You tend to lose your temper in combat. [potion of mutation]
 85407 | Dis:7    | Gained mutation: You are resistant to electric shocks. (rElec) [potion of mutation]
 85407 | Dis:7    | Gained mutation: You have a pair of small antennae on your head. [potion of mutation]
 85408 | Dis:7    | Lost mutation: You tend to lose your temper in combat. [potion of mutation]
 85408 | Dis:7    | Lost mutation: You are dopey. (Int -2) [potion of mutation]
 85408 | Dis:7    | Lost mutation: You do not regenerate when monsters are visible. [potion of mutation]
 85408 | Dis:7    | Gained mutation: You possess an exceptional clarity of mind. [potion of mutation]
 85408 | Dis:7    | Gained mutation: Your muscles are strong. (Str +2) [potion of mutation]
 85408 | Dis:7    | Gained mutation: You can translocate small distances at will. [potion of mutation]
 85408 | Dis:7    | Gained mutation: You have extremely sharp teeth. [potion of mutation]
 88035 | Dis:7    | Noticed Dispater
 88067 | Dis:7    | Killed Dispater
 88211 | Dis:7    | Got an iron rune of Zot
 88373 | Tar:1    | Entered Level 1 of Tartarus
 88830 | Tar:2    | Found a burning altar of Makhleb.
 89053 | Tar:2    | Found a radiant altar of Vehumet.
 90399 | Tar:2    | You fall through a shaft for 2 floors!
 90590 | Tar:7    | Entered Level 7 of Tartarus
 91950 | Tar:7    | Gained mutation: Your magical capacity is low. (-10% MP) [mutagenic glow]
 92045 | Tar:7    | Identified the +4 scale mail "Itzog" {*Drain rElec Slay+4 Stlth+}
 92426 | Tar:7    | Learned a level 5 spell: Lee's Rapid Deconstruction
 92504 | Tar:7    | Learned a level 9 spell: Shatter
 92770 | Tar:7    | Identified the +5 trident of the Mouth {antimagic, rPois MR+ Str+2 Int+3}
 92811 | Tar:7    | Found the +10 morningstar "Eos" {elec, Halo rElec}
 92813 | Tar:7    | Identified Sif Muna's Grimoire of the Earthen Birds
 92872 | Tar:7    | Identified the cursed +0 shield of the World {rPois Int+6}
 92917 | Tar:7    | Identified the +0 chain mail of the Skies Above {Regen+ Str+7 Int-2 Slay+2}
 93230 | Tar:7    | Noticed an ancient lich
 93241 | Tar:7    | Killed an ancient lich
 93399 | Tar:7    | Noticed Ereshkigal
 93413 | Tar:7    | Killed Ereshkigal
 93459 | Tar:7    | Got a bone rune of Zot
 93518 | Tar:7    | Identified the +4 plate armour "Ycla" {+Inv +Fly Dex-4 SInv}
 93528 | Tar:7    | Identified the +1 buckler "Wicul" {Str-5 Dex+3 Stlth+} (You took it off a vampire knight on level 7 of Tartarus)
 93663 | Geh:1    | Entered Level 1 of Gehenna
 96740 | Geh:7    | Entered Level 7 of Gehenna
 98227 | Geh:7    | Identified Sif Muna's Reference Book on Vitriolic Unholy Rituals
 98282 | Geh:7    | Identified the +4 hunting sling of Cehul {freeze, +Blink} (You took it off a red devil on level 7 of Gehenna)
 98335 | Geh:7    | Identified the cursed +0 spear "Nacsus" {pierce, rPois MR- Str+4 Dex+3}
 98411 | Geh:7    | Noticed Asmodeus
 98452 | Geh:7    | Killed Asmodeus
 98452 | Geh:7    | Identified the amulet "Mahacuet" {Faith *Contam +Blink rF+} (You took it off Asmodeus on level 7 of Gehenna)
 98472 | Geh:7    | Got an obsidian rune of Zot
 99016 | Elf:1    | Bought a ration for 70 gold pieces
 99016 | Elf:1    | Bought a ration for 70 gold pieces
 99016 | Elf:1    | Bought a ration for 70 gold pieces
 99016 | Elf:1    | Bought a ration for 70 gold pieces
 99016 | Elf:1    | Bought a ration for 70 gold pieces
 99016 | Elf:1    | Bought a ration for 70 gold pieces
 99016 | Elf:1    | Bought a ration for 70 gold pieces
 99016 | Elf:1    | Bought a ration for 70 gold pieces
 99016 | Elf:1    | Bought a ration for 70 gold pieces
 99016 | Elf:1    | Bought a ration for 70 gold pieces
 99072 | Elf:3    | Bought a ration for 60 gold pieces
 99072 | Elf:3    | Bought a ration for 60 gold pieces
 99072 | Elf:3    | Bought a ration for 60 gold pieces
 99072 | Elf:3    | Bought a ration for 60 gold pieces
 99072 | Elf:3    | Bought a ration for 60 gold pieces
 99072 | Elf:3    | Bought a ration for 60 gold pieces
 99072 | Elf:3    | Bought a ration for 60 gold pieces
 99072 | Elf:3    | Bought a ration for 60 gold pieces
 99072 | Elf:3    | Bought a ration for 60 gold pieces
 99072 | Elf:3    | Bought a ration for 60 gold pieces
 99072 | Elf:3    | Bought a ration for 60 gold pieces
 99114 | Elf:2    | Bought a ration for 65 gold pieces
 99849 | Pan      | Entered Pandemonium
 99967 | Pan      | Entered the realm of Cerebov.
100975 | Pan      | Noticed Cerebov
101722 | Pan      | Killed Cerebov
101722 | Pan      | Identified the +6 sword of Cerebov {flame} (You took it off Cerebov in Pandemonium)
101793 | Pan      | Identified the cursed +3 falchion "Cisidom" {vamp, Str+6 Dex-3}
101814 | Pan      | Identified the cursed +0 plate armour of the Lobster {+Inv rF+ rC+}
101818 | Pan      | Identified the Papyrus of Untold Secrets
101820 | Pan      | Identified the Handbook of Execration
101822 | Pan      | Identified the Compendium of Bewitchment and Evil
101866 | Pan      | Got a fiery rune of Zot
101973 | Pan      | Learned a level 4 spell: Animate Dead
102156 | Pan      | Entered the realm of Mnoleg.
102294 | Pan      | Noticed Mnoleg
102306 | Pan      | Lost mutation: You possess an exceptional clarity of mind. [Mnoleg's mutagenic touch]
102324 | Pan      | Killed Mnoleg
102427 | Pan      | Gained mutation: You are dopey. (Int -2) [a cacodemon]
102428 | Pan      | Gained mutation: You are frail. (-10% HP) [a neqoxec]
102479 | Pan      | Noticed Mennas
102505 | Pan      | Killed Mennas
102516 | Pan      | Found an exit through the horrors of the Abyss.
102620 | Pan      | Got a glowing rune of Zot
102680 | Pan      | Gained mutation: You tend to lose your temper in combat. [a neqoxec]
102681 | Pan      | Gained mutation: You are clumsy. (Dex -2) [a neqoxec]
102734 | Depths:3 | Escaped Pandemonium
102919 | Pan      | Entered Pandemonium
103002 | Pan      | Found a huge runed gate.
103463 | Pan      | Found an exit through the horrors of the Abyss.
103732 | Pan      | Noticed Vanopu the pandemonium lord
103784 | Pan      | Killed Vanopu the pandemonium lord
103826 | Pan      | Got a demonic rune of Zot
104064 | Pan      | Noticed Zeirehax the pandemonium lord
104090 | Pan      | Killed Zeirehax the pandemonium lord
104132 | Pan      | Identified Vehumet's Volume of Conjuration
104492 | Pan      | Identified the cursed +0 large shield "Ceng" {+Inv rElec} (You acquired it in Pandemonium)
104501 | Pan      | Found an exit through the horrors of the Abyss.
104623 | Pan      | Noticed Ignacio
104635 | Pan      | Killed Ignacio
104839 | Pan      | Noticed Suogrow the pandemonium lord
104858 | Pan      | Killed Suogrow the pandemonium lord
105006 | Pan      | Reached skill level 27 in Bows
105027 | Pan      | Found a runed door.
105152 | Pan      | Identified Tonorch's Papyrus of Calling and Stones
105221 | Pan      | Noticed Nifesk the pandemonium lord
105236 | Pan      | Killed Nifesk the pandemonium lord
105243 | Pan      | Gained mutation: Your spells are a little easier to cast, but a little less powerful. [a cacodemon]
105466 | Pan      | Entered the realm of Lom Lobon.
105642 | Pan      | Found an exit through the horrors of the Abyss.
106468 | Pan      | Noticed Lom Lobon
106487 | Pan      | Killed Lom Lobon
106532 | Pan      | Got a magical rune of Zot
106928 | Pan      | Entered the realm of Gloorx Vloq.
106961 | Pan      | Found an exit through the horrors of the Abyss.
107624 | Pan      | Noticed Gloorx Vloq
107638 | Pan      | Killed Gloorx Vloq
107765 | Pan      | Got a dark rune of Zot
107913 | Pan      | Took an exit into the Abyss.
107913 | Abyss:1  | Escaped into the Abyss
108205 | Depths:3 | Escaped the Abyss
108213 | Depths:3 | Lost mutation: Your muscles are strong. (Str +2) [potion of mutation]
108213 | Depths:3 | Lost mutation: Your magical capacity is low. (-10% MP) [potion of mutation]
108213 | Depths:3 | Lost mutation: You tend to lose your temper in combat. [potion of mutation]
108213 | Depths:3 | Lost mutation: You are frail. (-10% HP) [potion of mutation]
108213 | Depths:3 | Gained mutation: You are partially covered in yellow scales. (AC +2) [potion of mutation]
108512 | Elf:3    | Bought a scroll of remove curse for 36 gold pieces
108512 | Elf:3    | Bought a scroll of enchant armour for 90 gold pieces
108512 | Elf:3    | Bought a scroll of remove curse for 36 gold pieces
108512 | Elf:3    | Bought a scroll of enchant armour for 90 gold pieces
108512 | Elf:3    | Bought a scroll of enchant armour for 90 gold pieces
108512 | Elf:3    | Bought a scroll of blinking for 90 gold pieces
108512 | Elf:3    | Bought a scroll of teleportation for 36 gold pieces
108512 | Elf:3    | Bought 2 scrolls of remove curse for 72 gold pieces
108827 | Zig:1    | Entered Level 1 of a ziggurat
108846 | Zig:2    | Entered Level 2 of a ziggurat
108872 | Zig:2    | Found the cursed +7 Kryia's mail coat {PotionHeal*2 rC+}
108881 | Zig:3    | Entered Level 3 of a ziggurat
108881 | Zig:3    | Identified the ring "Ifrish Dusto" {rPois Int+3 Dex+2}
108915 | Zig:4    | Entered Level 4 of a ziggurat
108919 | Zig:4    | Identified the +7 hunting sling of Ashenzari's Approval {flame, Str+2 Int+7 Dex+3}
108919 | Zig:4    | Identified the cursed +2 arbalest of Fragile Peace {penet, *Slow rC+ Dex+4 Stlth+}
108956 | Zig:5    | Entered Level 5 of a ziggurat
108960 | Zig:5    | Identified the +5 arbalest "Didanwure" {elec, Fragile rElec rF+++ Str+6}
108995 | Zig:6    | Entered Level 6 of a ziggurat
109000 | Zig:6    | Identified the cursed +2 falchion "Varchoeck" {flame, Dex+3}
109050 | Zig:7    | Entered Level 7 of a ziggurat
109085 | Zig:7    | Identified the cursed +0 pair of gloves of the Black Skies {rF- MR+++ Str-5 Stlth+} (You acquired it on level 7 of a ziggurat)
109141 | Zig:8    | Entered Level 8 of a ziggurat
109146 | Zig:8    | Identified the +1 scale mail of Defiance {MR++}
109150 | Zig:8    | Identified the +5 scale mail of Inference {*Drain rCorr Int+7}
109182 | Zig:9    | Entered Level 9 of a ziggurat
109256 | Zig:9    | Reached skill level 27 in Unarmed Combat
109288 | Zig:10   | Entered Level 10 of a ziggurat
109327 | Zig:10   | Identified the +3 ring mail of an ice cave {+Inv rPois Dex+2 Slay+5}
109437 | Zig:11   | Entered Level 11 of a ziggurat
109453 | Zig:11   | Noticed a greater mummy
109457 | Zig:11   | Killed a greater mummy
109487 | Zig:11   | Reached skill level 27 in Staves
109632 | Zig:12   | Entered Level 12 of a ziggurat
109645 | Zig:12   | Found the +7 Spriggan's Knife {MR+ EV+4 Dex+4 Stlth+}
109815 | Zig:12   | Learned a level 9 spell: Glaciate
109828 | Zig:13   | Entered Level 13 of a ziggurat
109856 | Zig:13   | Identified the amulet of Koeraikk {Acrobat +Inv rPois rF++ rC-}
109860 | Zig:13   | Identified the +2 robe "Gosa" {Int+5}
109885 | Zig:13   | Identified the ring "Mochuzaa" {AC+6 Str+4}
109887 | Zig:13   | Identified the amulet "Had Vunue" {Reflect rF+ Int+4 SH+4}
110025 | Zig:14   | Entered Level 14 of a ziggurat
110042 | Zig:14   | Identified the ring of Finality {rC+ Int+2}
110231 | Zig:14   | Identified the Almanac of Feathers and Displacement
110318 | Zig:15   | Entered Level 15 of a ziggurat
110342 | Zig:15   | Found the +4 dagger "Morg" {pain, MR+ Int+5}
110600 | Zig:16   | Entered Level 16 of a ziggurat
110632 | Zig:16   | Found the +7 captain's cutlass {speed, disarm}
110736 | Zig:16   | Identified the Collected Works on Dusty Darkness
110799 | Zig:17   | Entered Level 17 of a ziggurat
111037 | Zig:17   | Found the +2 Maxwell's thermic engine {flame, freeze, rF- rC-}
111037 | Zig:17   | Found the +9 staff of Wucad Mu {channel}
111038 | Zig:17   | Found the +10 large shield of Ignorance {rN+ Int-4}
111040 | Zig:17   | Identified the ring of Iduaso {+Inv Stlth+}
111074 | Zig:17   | Upgraded the game from 0.22-a0-408-g0c774a7e83 to 0.22-a0-409-gb855193d78
111080 | Zig:18   | Entered Level 18 of a ziggurat
111107 | Zig:18   | Identified the +0 cloak of the Mind {*Slow rF+ rCorr Dex+5}
111119 | Zig:18   | Identified the cursed ring of Honesty {rF+ MR- AC-2 Dex+2 Slay+5}
111308 | Zig:19   | Entered Level 19 of a ziggurat
111330 | Zig:19   | Identified the ring "Adeduf" {+Fly rElec rN+ Int+4 Slay-5}
111331 | Zig:19   | Reached skill level 27 in Short Blades
111338 | Zig:19   | Found the +3 salamander hide armour {+Rage rF++}
111339 | Zig:19   | Identified the ring of Intercession {+Blink rPois rC- Str+3 Stlth+}
111350 | Zig:19   | Identified the Compendium of Enchanting Toxins
111505 | Zig:19   | Identified the Collected Works on Toxic Good Luck
111512 | Zig:19   | Identified the Collected Works on Glacial Execration
111518 | Zig:19   | Identified the Catalogue of the Volcanoes
111642 | Zig:20   | Entered Level 20 of a ziggurat
111680 | Zig:20   | Noticed Aty Zoum the pandemonium lord
111682 | Zig:20   | Killed Aty Zoum the pandemonium lord
111867 | Zig:20   | Identified the ring of Kodof {-Tele rF+ Dex+3 Stlth-}
111868 | Zig:20   | Identified the +4 ring mail of Greed {rN+}
111870 | Zig:20   | Identified the +2 plate armour "Zatop" {rC- MR- MP+9 Str+5}
111898 | Zig:20   | Identified the Almanac of Quantum Moulding
111907 | Zig:20   | Identified the Papyrus of Ashen Feathers
111919 | Zig:20   | Learned a level 8 spell: Controlled Blink
112026 | Zig:21   | Entered Level 21 of a ziggurat
112046 | Zig:21   | Gained mutation: Your flesh is cold resistant. (rC+) [a shining eye]
112068 | Zig:21   | Identified the ring of False Pretenses {*Slow Str+9 Int+4 SInv}
112069 | Zig:21   | Identified the amulet of Puaneuth {Inacc rN++}
112298 | Zig:22   | Entered Level 22 of a ziggurat
112327 | Zig:22   | Noticed a greater mummy
112331 | Zig:22   | Noticed a greater mummy
112337 | Zig:22   | Noticed a greater mummy
112337 | Zig:22   | Noticed a greater mummy
112343 | Zig:22   | Killed a greater mummy
112344 | Zig:22   | Noticed a greater mummy
112344 | Zig:22   | Killed a greater mummy
112344 | Zig:22   | Killed a greater mummy
112345 | Zig:22   | Noticed a greater mummy
112345 | Zig:22   | Noticed a greater mummy
112372 | Zig:22   | Killed a greater mummy
112372 | Zig:22   | Killed a greater mummy
112390 | Zig:22   | Killed a greater mummy
112408 | Zig:22   | Noticed a greater mummy
112411 | Zig:22   | Killed by a guardian mummy's death curse

Vault maps used:
D:1:      dpeg_arrival_chambers_temple_mockup, minmay_nonomino_d4
D:2:      tgw_xom
D:3:      tso_altar
D:4:      overflow_temple_1_default, first_ration, uniq_grinder
D:5:      kb_lookout_dungeons_type, nicolae_ru_path_of_blood, uniq_sigmund
D:6:      lemuel_crystal_altar
D:7:      temple_statues
D:8:      uniq_pikel
D:9:      gammafunk_temple_overflow_forgotten, dpeg_oklobed_lair,
          kennysheep_small_spiral
D:10:     grunt_pizzeria
D:11:     david_orc_3, minivault_12, uniq_erica, uniq_grum
D:12:     nicolae_wand_duel
D:13:     grunt_vaults_entry_tiered, lab_entry_generic
D:14:     infiniplex_staircase_door_maze, uniq_azrael, uniq_sonja
D:15:     grunt_enter_depths_snipers, chequers_big_river, basic_altar,
          st_stairs_6, uniq_louise, uniq_urug, uniq_agnes
Temple:   eino_temple_scatter_basement
Lair:1:   beast_lair_carwin_large_2, nicolae_volcano_entry_s_turn
Lair:2:   swamp_mist_pool, guppyfry_snake_entry_garden,
          infiniplex_staircase_pool_2, lemuel_fruit_fields
Lair:3:   serial_bayou_pond_e, st_stairs_3
Lair:4:   portal_ice_cave_entry_imps, infiniplex_staircase_pool
Lair:5:   minmay_slime_entry_pillars, minmay_lair_oklob_chamber,
          grunt_megastairs_2
Lair:6:   gammafunk_lair_ancient_temple
Swamp:1:  evilmike_swamp_ruin_rubble_2
Swamp:2:  evilmike_swamp_ruin_rubble_1, swamp_pool4, nicolae_swamp_dense_foliage
Swamp:3:  nicolae_swamp_godswood
Swamp:4:  swamp_alternative
Snake:2:  basic_altar, serial_shops, shop, grunt_megastairs_3,
          basic_stair_grate_trap, uniq_kirke
Snake:3:  lemuel_fruit_tree, serial_bayou_shore_b
Snake:4:  grunt_snake_rune_spirals, spider_trap, serial_bayou_shore_a,
          serial_bayou_shore_b
Slime:3:  cheibrodos_slime_lost_civilization_7
Slime:4:  cheibrodos_slime_lost_civilization_1
Orc:1:    basic_altar
Orc:2:    grunt_orc_cross
Elf:1:    elf_arrival_001, serial_shops, shop, minmay_elf_annihilation
Elf:2:    serial_shops, shop
Elf:3:    elf_hall, minmay_shop_star
Vaults:1: hangedman_vaults_corner_blocks, vaults_room_large_hall,
          nicolae_vaults_rhombus_7, nicolae_vaults_little_squares_5,
          vaults_room_corners, vaults_dpeg_ring, uniq_nikola
Vaults:2: dpeg_vaults_monster_row, vaults_standard_mumra_enter_the_diamond,
          v_pattern_2, vaults_room_octagon, nicolae_vaults_three_branches,
          hangedman_vaults_restitches, nicolae_vaults_network_square,
          nicolae_vaults_quartermaster, vaults_dpeg_hooks,
          ontoclasm_vaults_shuriken
Vaults:3: nicolae_vaults_angled_halls, vaults_mumra_hex, v_misc_9,
          minmay_crypt_entry_simple_round, v_misc_27,
          nicolae_vaults_network_quincunx, v_misc_24, v_rooms_6,
          vaults_mumra_hexcomb, st_smaller_cells, ontoclasm_vaults_twist,
          hangedman_vaults_stretched_pinwheel, grunt_vaults_diagonal,
          vaults_room_fancy_cross, nicolae_vaults_asterisk, serial_shops, shop
Vaults:4: hangedman_vaults_nails, hangedman_vaults_slice, v_alt_pattern_3,
          hangedman_vaults_stitches, st_eye, hangedman_vaults_nails,
          ontoclasm_vaults_misaligned, ontoclasm_vaults_gateway,
          nicolae_vaults_shelves_hall, hangedman_vaults_cutoff,
          nicolae_vaults_mini_display_case, nicolae_vaults_ring_of_whatevers
Crypt:1:  minmay_guarded_unrand_majin_bo, fountainhead
Crypt:3:  due_elkab, weyrava_vampire_temple
Depths:1: grunt_metal_band, minivault_14, hangedman_glass_teeth,
          kennysheep_cluttered_room, grunt_decor_fettered, grunt_decor_cap,
          hangedman_summoners_spam
Depths:2: kennysheep_bubble_arena, pf_hell_entry_great_geh,
          kennysheep_big_empty_room, uniq_enchantress, uniq_asterion
Depths:3: gammafunk_mikee_crab_dinner, enter_ziggurat_f, nicolae_wwwww,
          hell_entry, serial_shops, nicolae_shop_behind_doors,
          rand_demon_pan_entry_9, hangedman_abyss_entry_splay, uniq_aizul
Depths:4: minmay_the_grid_triangle_9x9_rhombus_full_mashed, serial_bayou_pond_a,
          abyss_entry, hangedman_coc_ice_floe, uniq_jorgrun, uniq_margery,
          uniq_jory
Depths:5: hangedman_slaughterboxes, serial_shops, hell_entry
Dis:4:    special_room
Dis:6:    hangedman_iron_city_apartments, hangedman_dis_decor_blocks_mantle
Dis:7:    dis_st
Geh:3:    hangedman_elemental_corridor
Geh:7:    geh_grunt_pentagon
Coc:1:    special_room
Coc:7:    coc_old
Tar:2:    nicolae_tar_cuneiform_sun, hangedman_feature_mirror
Tar:7:    tar_old
Zot:1:    minmay_elemental_castle, st_stairs_14, kennysheep_underground_church
Zot:2:    grunt_megastairs_4
Zot:3:    basic_altar
Abyss:1:  evilmike_abyss_exit_glass
Abyss:2:  abyss_greek_temple
Abyss:3:  grunt_abyss_exit_deep_breaths
Pan:      rand_demon_6, pan_blood_fountain_small, nicolae_pan_sigil_obb,
          grunt_pan_in_and_out, pan_blood_fountain_2, cerebov_grunt,
          pan_blood_fountain_small, nicolae_pan_hourglass,
          mnoleg_grunt_wretched_star, uniq_mennas_pan, pan_blood_fountain,
          nicolae_pan_gloorx_vloqian_1, nicolae_pan_giant_door,
          evilmike_mini_pan_V, nicolae_pan_strange_glyphs,
          evilmike_mini_pan_thingy, rand_demon_3, uniq_ignacio, rand_demon_9,
          grunt_pan_sceptre, pan_blood_fountain_small, lom_lobon_spiral_st,
          nicolae_pan_gloorx_vloqian_3, grunt_pan_pentagram, rand_demon_3,
          gloorx_vloq_grunt_torture_chamber, pan_blood_fountain_small
Zig:8:    ziggurat_pillar_centre_oklobs
Zig:10:   ziggurat_pillar_centre_drop
Zig:13:   ziggurat_pillar_centre_c
Zig:18:   ziggurat_pillar_centre_dead_trees
Zig:20:   ziggurat_pillar_centre_smoke
Lab:      labyrinth_mini_lab, nicolae_lab_swirl, nicolae_lab_blocks, lab_hedge
IceCv:    ice_cave_small_demon
Volcano:  volcano_grotto

Skill      XL: |  1  2  3  4  5  6  7  8  9 10 11 12 13 14 15 16 17 18 19 20 21 22 23 24 25 26 27 |
---------------+----------------------------------------------------------------------------------+-----
Invocations    | 1 2 3 4 5 6 7 8 9 10 11 12 13 14 15 16 17 18 26 | 26.6
Short Blades   | 1 2 3 4 5 6 7 8 9 10 11 12 13 14 15 16 17 27 | 27.0
Long Blades    | 1 2 3 4 5 6 7 8 9 10 11 12 13 14 15 16 17 24 | 24.9
Axes           | 1 2 3 4 5 6 7 8 9 10 11 12 13 14 15 16 17 24 | 24.9
Maces & Flails | 1 2 3 4 5 6 7 8 9 10 11 12 13 14 15 16 17 24 | 24.9
Polearms       | 1 2 3 4 5 6 7 8 9 10 11 12 13 14 15 16 17 24 | 24.9
Staves         | 1 2 3 4 5 6 7 8 9 10 11 12 13 14 15 16 17 27 | 27.0
Slings         | 1 2 3 4 5 6 7 8 9 10 11 12 13 14 15 16 17 24 | 24.9
Crossbows      | 1 2 3 4 5 6 7 8 9 10 11 12 13 14 15 16 17 24 | 24.9
Throwing       | 1 2 3 4 5 6 7 8 9 10 11 12 13 14 15 16 17 24 | 24.9
Dodging        | 1 2 3 4 5 6 7 8 9 10 11 12 13 14 15 16 17 25 | 25.8
Shields        | 1 2 3 4 5 6 7 8 9 10 11 12 13 14 15 16 17 24 | 24.9
Unarmed Combat | 1 2 3 4 5 6 7 8 9 10 11 12 13 14 15 16 17 27 | 27.0
Evocations     | 1 2 3 4 5 6 7 8 9 10 11 12 13 14 15 16 17 24 | 24.9
Spellcasting   | 3 4 5 6 7 8 9 10 11 12 13 14 15 16 17 25 | 25.0
Conjurations   | 1 2 3 4 5 6 7 8 9 10 11 12 13 14 21 | 21.7
Charms         | 1 2 3 4 5 6 7 8 9 10 11 12 13 14 21 | 21.7
Summonings     | 1 2 3 4 5 6 7 8 9 10 11 12 13 14 21 | 21.7
Necromancy     | 1 2 3 4 5 6 7 8 9 10 11 12 13 14 21 | 21.7
Translocations | 1 2 3 4 5 6 7 8 9 10 11 12 13 14 21 | 21.7
Transmutations | 1 2 3 4 5 6 7 8 9 10 11 12 13 14 21 | 21.7
Fire Magic     | 1 2 3 4 5 6 7 8 9 10 11 12 13 14 21 | 21.7
Ice Magic      | 1 2 3 4 5 6 7 8 9 10 11 12 13 14 22 | 22.6
Air Magic      | 1 2 3 4 5 6 7 8 9 10 11 12 13 14 21 | 21.7
Earth Magic    | 1 2 3 4 5 6 7 8 9 10 11 12 13 14 21 | 21.7
Poison Magic   | 1 2 3 4 5 6 7 8 9 10 11 12 13 14 21 | 21.7
Fighting       | 3 4 5 6 7 8 9 10 11 12 13 14 15 16 17 25 | 25.0
Armour         | 3 4 5 6 7 8 9 10 11 12 13 14 15 16 17 25 | 25.0
Hexes          | 4 5 6 7 8 9 10 11 12 13 14 15 21 | 21.9
Bows           | 7 8 9 10 11 12 13 14 15 16 17 18 27 | 27.0
Stealth        | 5 6 7 8 9 10 11 12 13 14 15 16 17 25 | 25.1

Action                   |  1- 3 |  4- 6 |  7- 9 | 10-12 | 13-15 | 16-18 | 19-21 | 22-24 | 25-27 || total
-------------------------+-------+-------+-------+-------+-------+-------+-------+-------+-------++-------
Melee: Dagger            |       |       |       |    57 |       |       |       |       |       ||    57
       Bite              |       |       |       |    72 |   226 |   219 |   240 |   233 |  1768 ||  2758
       Punch             |       |       |       |     2 |       |       |       |       |       ||     2
       Trident           |       |       |       |    32 |       |       |       |       |       ||    32
       Scimitar          |       |       |       |   236 |       |       |       |       |       ||   236
       Demon trident     |       |       |       |    53 |    16 |       |       |       |       ||    69
       Demon blade       |       |       |       |       |  1309 |  1459 |  1379 |  1235 |  9278 || 14660
       Sacred scourge    |       |       |       |       |       |       |       |       |   126 ||   126
       Unarmed           |       |       |       |       |       |       |       |       |     2 ||     2
 Fire: Shortbow          |    93 |    99 |   266 |   330 |       |       |       |       |       ||   788
Throw: Javelin           |       |       |       |    80 |   175 |    21 |    51 |       |       ||   327
 Cast: Confuse           |       |       |       |     1 |       |       |       |     1 |       ||     2
       Shroud of Golubri |       |       |       |       |     3 |     5 |    32 |    11 |   129 ||   180
       Summon Lightning  |       |       |       |       |     4 |     2 |     5 |       |       ||    11
       Bolt of Magma     |       |       |       |       |     3 |    29 |    17 |     3 |    31 ||    83
       Regeneration      |       |       |       |       |     1 |     4 |    29 |    24 |   289 ||   347
       Static Discharge  |       |       |       |       |       |    10 |       |       |       ||    10
       Deflect Missiles  |       |       |       |       |       |     2 |     6 |     6 |    30 ||    44
       Conjure Ball Ligh |       |       |       |       |       |    14 |    46 |    34 |       ||    94
       Sublimation of Bl |       |       |       |       |       |       |     2 |    25 |   115 ||   142
       Shadow Creatures  |       |       |       |       |       |       |       |    78 |   101 ||   179
       Ignition          |       |       |       |       |       |       |       |    15 |   309 ||   324
       Blink             |       |       |       |       |       |       |       |     2 |     7 ||     9
       Animate Dead      |       |       |       |       |       |       |       |       |    91 ||    91
       Death Channel     |       |       |       |       |       |       |       |       |    87 ||    87
       Fire Storm        |       |       |       |       |       |       |       |       |    46 ||    46
       Aura of Abjuratio |       |       |       |       |       |       |       |       |    25 ||    25
       Shatter           |       |       |       |       |       |       |       |       |    15 ||    15
       Lee's Rapid Decon |       |       |       |       |       |       |       |       |    11 ||    11
       Glaciate          |       |       |       |       |       |       |       |       |     5 ||     5
       Passage of Golubr |       |       |       |       |       |       |       |       |     3 ||     3
       Controlled Blink  |       |       |       |       |       |       |       |       |     2 ||     2
Invok: Curse Item        |       |       |       |     3 |     5 |     2 |       |     1 |     6 ||    17
       Scrying           |       |       |       |       |       |       |     1 |       |     1 ||     2
Evoke: Wand              |       |       |    11 |    68 |    77 |    21 |       |     6 |    14 ||   197
       Phantom mirror    |       |       |       |       |       |       |       |     1 |     7 ||     8
       Lamp of fire      |       |       |       |       |       |       |       |     1 |     6 ||     7
       Sack of spiders   |       |       |       |       |       |       |       |       |    48 ||    48
       Box of beasts     |       |       |       |       |       |       |       |       |    19 ||    19
       Phial of floods   |       |       |       |       |       |       |       |       |     3 ||     3
  Use: Scroll            |     2 |       |     4 |    17 |    11 |    21 |     8 |    10 |    73 ||   146
       Potion            |       |       |       |    10 |     4 |     7 |     5 |     5 |   108 ||   139
 Stab: Paralysed         |       |       |       |     2 |    24 |     3 |       |       |     1 ||    30
       Invisible         |       |       |       |     1 |       |       |       |       |     6 ||     7
       Sleeping          |       |       |       |     1 |     9 |     6 |    27 |    22 |   102 ||   167
       Distracted        |       |       |       |       |     2 |     2 |     6 |    13 |   125 ||   148
  Eat: Chunk             |     3 |    13 |     9 |    11 |    38 |    31 |    37 |    56 |    52 ||   250
       Ration            |       |       |       |     1 |     1 |     6 |     3 |     4 |    88 ||   103
Armor: Robe              |     3 |     5 |       |       |       |       |       |       |       ||     8
       Ring mail         |       |     4 |     2 |       |       |       |       |       |       ||     6
       Chain mail        |       |       |    30 |    62 |       |   122 |       |       |       ||   214
       Scale mail        |       |       |       |    85 |   241 |    71 |       |       |       ||   397
       Swamp dragon scal |       |       |       |       |       |    61 |   205 |   221 |  1837 ||  2324
       Acid dragon scale |       |       |       |       |       |       |       |       |   117 ||   117
Dodge: Dodged            |    10 |    15 |    43 |   148 |   226 |   443 |   455 |   491 |  3846 ||  5677
       Deflected         |       |       |       |       |       |    32 |    41 |    67 |   267 ||   407
Block: Large shield      |       |       |       |   221 |   806 |       |       |       |  1464 ||  2491
       Shield            |       |       |       |       |   115 |   915 |   789 |   703 |  5758 ||  8280
       Reflection        |       |       |       |       |       |       |       |       |    24 ||    24
       Rpst.: Scimitar   |       |       |       |    16 |       |       |       |       |       ||    16
       Demon blade       |       |       |       |       |    63 |    82 |    90 |    99 |   679 ||  1013

Table legend:
 A = Spawn XP
 B = Non-spawn XP
 C = Spawn XP percentage of total XP
 D = Spawn monster count
 E = Non-spawn monster count
 F = Spawn count percentage of total count
 G = Total turns spent on level
                    A         B        C        D         E        F      G
               +---------+---------+-------+---------+---------+-------+---------
         Total |  110051 | 3951735 |   2.7 |     153 |    5627 |   2.6 | 112411
               +---------+---------+-------+---------+---------+-------+---------
           D:1 |       0 |      39 |   0.0 |       0 |      24 |   0.0 |   752
           D:2 |       0 |      66 |   0.0 |       0 |      25 |   0.0 |   852
           D:3 |       0 |      46 |   0.0 |       0 |      22 |   0.0 |   707
           D:4 |       0 |     639 |   0.0 |       0 |      10 |   0.0 |   975
           D:5 |       0 |     608 |   0.0 |       0 |      18 |   0.0 |   670
           D:6 |       0 |    1008 |   0.0 |       0 |      23 |   0.0 |  1109
           D:7 |       0 |    1378 |   0.0 |       0 |      28 |   0.0 |   595
           D:8 |       0 |    2381 |   0.0 |       0 |      24 |   0.0 |  1172
           D:9 |       0 |    5318 |   0.0 |       0 |      49 |   0.0 |  1442
          D:10 |       0 |    3437 |   0.0 |       0 |      26 |   0.0 |  1119
          D:11 |       0 |    9005 |   0.0 |       0 |      53 |   0.0 |  1404
          D:12 |       0 |    4537 |   0.0 |       0 |      34 |   0.0 |  1586
          D:13 |       0 |   20358 |   0.0 |       0 |      60 |   0.0 |  2098
          D:14 |       0 |   16973 |   0.0 |       0 |      48 |   0.0 |  1760
          D:15 |       0 |   22164 |   0.0 |       0 |      49 |   0.0 |  1598
        Lair:1 |       0 |    2495 |   0.0 |       0 |      14 |   0.0 |  1285
        Lair:2 |       0 |    4083 |   0.0 |       0 |      16 |   0.0 |  1258
        Lair:3 |       0 |    5084 |   0.0 |       0 |      18 |   0.0 |  1139
        Lair:4 |       0 |    6866 |   0.0 |       0 |      37 |   0.0 |  1468
        Lair:5 |       0 |   10194 |   0.0 |       0 |      26 |   0.0 |  1319
        Lair:6 |       0 |   15229 |   0.0 |       0 |      41 |   0.0 |  1461
       Swamp:1 |       0 |   19625 |   0.0 |       0 |      47 |   0.0 |  1314
       Swamp:2 |       0 |   11030 |   0.0 |       0 |      30 |   0.0 |  1283
       Swamp:3 |       0 |   17397 |   0.0 |       0 |      48 |   0.0 |  1171
       Swamp:4 |       0 |   27098 |   0.0 |       0 |      48 |   0.0 |  1141
       Snake:1 |       0 |   15591 |   0.0 |       0 |      27 |   0.0 |  1676
       Snake:2 |       0 |   16799 |   0.0 |       0 |      24 |   0.0 |  1248
       Snake:3 |       0 |   19246 |   0.0 |       0 |      36 |   0.0 |  1446
       Snake:4 |       0 |   84220 |   0.0 |       0 |     129 |   0.0 |  3002
       Slime:1 |       0 |   17325 |   0.0 |       0 |      26 |   0.0 |   580
       Slime:2 |       0 |   11244 |   0.0 |       0 |       9 |   0.0 |   399
       Slime:3 |       0 |   32342 |   0.0 |       0 |      59 |   0.0 |   718
       Slime:4 |       0 |   17924 |   0.0 |       0 |      41 |   0.0 |  1143
       Slime:5 |       0 |   59409 |   0.0 |       0 |      79 |   0.0 |   930
         Orc:1 |       0 |    3231 |   0.0 |       0 |      29 |   0.0 |   665
         Orc:2 |       0 |    8398 |   0.0 |       0 |      66 |   0.0 |  1520
         Elf:1 |       0 |   25206 |   0.0 |       0 |      40 |   0.0 |  1313
         Elf:2 |       0 |   37738 |   0.0 |       0 |      50 |   0.0 |  1042
         Elf:3 |       0 |   53755 |   0.0 |       0 |      57 |   0.0 |  2258
      Vaults:1 |       0 |   32254 |   0.0 |       0 |      50 |   0.0 |  1710
      Vaults:2 |       0 |   56938 |   0.0 |       0 |     108 |   0.0 |  2021
      Vaults:3 |       0 |   74626 |   0.0 |       0 |     119 |   0.0 |  2565
      Vaults:4 |       0 |   70085 |   0.0 |       0 |      82 |   0.0 |  2165
      Vaults:5 |       0 |  139845 |   0.0 |       0 |     135 |   0.0 |  1889
       Crypt:1 |       0 |   25485 |   0.0 |       0 |      38 |   0.0 |  1000
       Crypt:2 |       0 |   41483 |   0.0 |       0 |      57 |   0.0 |   800
       Crypt:3 |       0 |   81348 |   0.0 |       0 |     106 |   0.0 |  1388
      Depths:1 |       0 |   39258 |   0.0 |       0 |      47 |   0.0 |  2010
      Depths:2 |       0 |   53242 |   0.0 |       0 |      64 |   0.0 |  1738
      Depths:3 |       0 |   56714 |   0.0 |       0 |      80 |   0.0 |  2194
      Depths:4 |       0 |   78768 |   0.0 |       0 |      67 |   0.0 |  1349
      Depths:5 |       0 |  146073 |   0.0 |       0 |     104 |   0.0 |  2533
          Hell |       0 |   72229 |   0.0 |       0 |     107 |   0.0 |  2907
         Dis:1 |       0 |   39175 |   0.0 |       0 |      87 |   0.0 |  1019
         Dis:2 |       0 |   12832 |   0.0 |       0 |      29 |   0.0 |   288
         Dis:3 |       0 |   15124 |   0.0 |       0 |      25 |   0.0 |   305
         Dis:5 |       0 |    3395 |   0.0 |       0 |       9 |   0.0 |    13
         Dis:6 |       0 |   10691 |   0.0 |       0 |      21 |   0.0 |   207
         Dis:7 |       0 |  177584 |   0.0 |       0 |     213 |   0.0 |  3052
         Geh:1 |       0 |    7655 |   0.0 |       0 |       4 |   0.0 |    92
         Geh:2 |       0 |   23435 |   0.0 |       0 |      52 |   0.0 |   563
         Geh:3 |       0 |   31611 |   0.0 |       0 |      80 |   0.0 |   560
         Geh:4 |       0 |   58161 |   0.0 |       0 |     109 |   0.0 |   632
         Geh:5 |       0 |   23909 |   0.0 |       0 |      33 |   0.0 |   353
         Geh:6 |       0 |   40117 |   0.0 |       0 |      65 |   0.0 |   352
         Geh:7 |       0 |  101353 |   0.0 |       0 |     119 |   0.0 |  1384
         Coc:1 |       0 |   51525 |   0.0 |       0 |      67 |   0.0 |   449
         Coc:2 |       0 |   14323 |   0.0 |       0 |      46 |   0.0 |   371
         Coc:3 |       0 |   31952 |   0.0 |       0 |      70 |   0.0 |   417
         Coc:4 |       0 |   15229 |   0.0 |       0 |      30 |   0.0 |   209
         Coc:5 |       0 |   42968 |   0.0 |       0 |     101 |   0.0 |   563
         Coc:6 |       0 |   17273 |   0.0 |       0 |      47 |   0.0 |   289
         Coc:7 |       0 |  135475 |   0.0 |       0 |     141 |   0.0 |  1984
         Tar:1 |       0 |   15297 |   0.0 |       0 |      44 |   0.0 |   279
         Tar:2 |       0 |   90299 |   0.0 |       0 |     114 |   0.0 |  1003
         Tar:3 |       0 |    7094 |   0.0 |       0 |      17 |   0.0 |   238
         Tar:4 |       0 |   30696 |   0.0 |       0 |      35 |   0.0 |   370
         Tar:5 |       0 |   46003 |   0.0 |       0 |      52 |   0.0 |   699
         Tar:6 |       0 |     824 |   0.0 |       0 |       3 |   0.0 |    91
         Tar:7 |       0 |  185889 |   0.0 |       0 |     208 |   0.0 |  1903
         Zot:1 |       0 |   62037 |   0.0 |       0 |      39 |   0.0 |  1201
         Zot:2 |       0 |   34705 |   0.0 |       0 |      25 |   0.0 |   735
         Zot:3 |       0 |   24939 |   0.0 |       0 |      11 |   0.0 |  1061
         Zot:4 |       0 |   43208 |   0.0 |       0 |      27 |   0.0 |  1133
       Abyss:1 |   15451 |    8757 |  63.8 |      12 |      10 |  54.5 |   448
       Abyss:2 |    3548 |    7795 |  31.3 |       7 |      14 |  33.3 |   294
       Abyss:3 |   12139 |   18767 |  39.3 |      27 |      19 |  58.7 |   493
           Pan |   78913 |  430784 |  15.5 |     107 |     411 |  20.7 |  7879
         Zig:1 |       0 |     683 |   0.0 |       0 |       3 |   0.0 |    19
         Zig:2 |       0 |     826 |   0.0 |       0 |       4 |   0.0 |    35
         Zig:3 |       0 |    3288 |   0.0 |       0 |       6 |   0.0 |    34
         Zig:4 |       0 |    5024 |   0.0 |       0 |       5 |   0.0 |    41
         Zig:5 |       0 |    4297 |   0.0 |       0 |       7 |   0.0 |    39
         Zig:6 |       0 |    6950 |   0.0 |       0 |       8 |   0.0 |    55
         Zig:7 |       0 |    5239 |   0.0 |       0 |      12 |   0.0 |    91
         Zig:8 |       0 |   14797 |   0.0 |       0 |      21 |   0.0 |    41
         Zig:9 |       0 |   18487 |   0.0 |       0 |      12 |   0.0 |   106
        Zig:10 |       0 |   20269 |   0.0 |       0 |      29 |   0.0 |   149
        Zig:11 |       0 |   14228 |   0.0 |       0 |      25 |   0.0 |   195
        Zig:12 |       0 |   19598 |   0.0 |       0 |      23 |   0.0 |   196
        Zig:13 |       0 |   23579 |   0.0 |       0 |      19 |   0.0 |   197
        Zig:14 |       0 |   20415 |   0.0 |       0 |      32 |   0.0 |   293
        Zig:15 |       0 |   24291 |   0.0 |       0 |      33 |   0.0 |   282
        Zig:16 |       0 |   33654 |   0.0 |       0 |      36 |   0.0 |   199
        Zig:17 |       0 |   36699 |   0.0 |       0 |      28 |   0.0 |   281
        Zig:18 |       0 |   33767 |   0.0 |       0 |      44 |   0.0 |   228
        Zig:19 |       0 |   44457 |   0.0 |       0 |      54 |   0.0 |   334
        Zig:20 |       0 |   63085 |   0.0 |       0 |      40 |   0.0 |   384
        Zig:21 |       0 |   52243 |   0.0 |       0 |      48 |   0.0 |   272
        Zig:22 |       0 |   56099 |   0.0 |       0 |      55 |   0.0 |   113
           Lab |       0 |    2005 |   0.0 |       0 |       5 |   0.0 |   377
         IceCv |       0 |    4836 |   0.0 |       0 |      28 |   0.0 |  1057
       Volcano |       0 |    4204 |   0.0 |       0 |      19 |   0.0 |  1362
               +---------+---------+-------+---------+---------+-------+---------
